 Dungeon Crawl Stone Soup version 0.29.1-1-gd02db6906a (webtiles) character file.

Game seed: 13233599489891249361

1389890 sleeves the Planerender (level 25, 219/219 HPs)
             Began as a Palentonga Summoner on Sept 29, 2022.
             Was an Initiate of Gozag.
             Escaped with the Orb
             ... and 3 runes!
             The game lasted 04:53:35 (99185 turns).

sleeves the Planerender (Palentonga Summoner)      Turns: 99185, Time: 04:53:35

Health: 219/219    AC: 22    Str: 26    XL:     25   Next: 40%
Magic:  42/42      EV:  7    Int: 24    God:    Gozag
Gold:   7220       SH:  8    Dex: 16    Spells: 3/54 levels left

rFire   + + +      SeeInvis +   a - +9 demon trident (spect)
rCold   + + .      Faith    .   R - +2 buckler of the Tarantula {Fly rElec rC+}
rNeg    + + .      Spirit   .   s - +3 ring mail {Will+}
rPois   +          Reflect  .   B - +1 helmet
rElec   +          Harm     .   t - +4 dragonskin cloak
rCorr   .          Rampage  .   Q - +2 pair of gloves of Nihilism {Regen+}
Will    ++++.                   K - +0 barding of a Labyrinth {Contam rF++ Will+ Dex+4}
Stlth   +.........              G - macabre finger necklace {rN+}
HPRegen 1.26/turn               Z - ring of Cuemarch {rPois rF+ Will+ Str+4}
MPRegen 0.28/turn               M - ring "Hel Ydes" {rElec rC+ Str+6}
                                A - ring of the Firefly {rF+ rN+}

@: flying, studying 2 skills, bribing [the Dungeon]
A: large, rugged brown scales 3, see invisible, deformed body, roll 1, armoured
tail, reflexive curl, MP-powered wands
0: Orb of Zot
}: 3/15 runes: decaying, silver, gossamer
a: Rolling Charge, Renounce Religion, Potion Petition, Call Merchant, Bribe
Branch


You escaped.
You worshipped Gozag.
Gozag was greatly pleased with you.
You visited 11 branches of the dungeon, and saw 51 of its levels.

You collected 30707 gold pieces.
You spent 6219 gold pieces at shops.
You paid 17268 gold pieces to Gozag.

Inventory:

Hand Weapons
 a - a +9 spectral demon trident (weapon)
   (You took it off Louise on level 4 of the Spider Nest)
 q - a +7 bardiche of freezing
   (You took it off Tiamat on level 3 of the Realm of Zot)
Armour
 s - a +3 ring mail of willpower (worn)
   (You took it off Harold on level 10 of the Dungeon)
 t - the +4 dragonskin cloak (worn)
   (You took it off Tiamat on level 3 of the Realm of Zot)

   It grants the wearer a chance to resist fire, cold, poison, electricity,
   acid, and negative energy.
 B - a +1 helmet (worn)
   (You found it on level 3 of the Elven Halls)
 K - the +0 barding of a Labyrinth (worn) {Contam rF++ Will+ Dex+4}
   (You acquired it on level 1 of the Spider Nest)

   Dex:       It affects your dexterity (+4).
   rF:        It greatly protects you from fire.
   Contam:    It causes magical contamination when unequipped.
   Will:      It increases your willpower.
 Q - the +2 pair of gloves of Nihilism (worn) {Regen+}
   (You found it on level 10 of the Dungeon)

   Regen:     It increases your rate of health regeneration.
 R - the +2 buckler of the Tarantula (worn) {Fly rElec rC+}
   (You took it off a deep elf death mage on level 3 of the Elven Halls)

   rC:        It protects you from cold.
   rElec:     It insulates you from electricity.
   Fly:       It grants you flight.
Jewellery
 o - the amulet of Odwemuna {RegenMP rF+ MP+9 SInv}
   (You found it on level 2 of the Depths)

   [amulet of magic regeneration]

   It increases your rate of magic regeneration.
   rF:        It protects you from fire.
   MP:        It affects your magic capacity (+9).
   SInv:      It lets you see invisible.
 v - a ring of resist corrosion
   (You took it off a deep elf zephyrmancer on level 3 of the Elven Halls)
 w - the ring "Oquithri" {rPois rC+ Str+6}
   (You found it on level 2 of the Depths)

   [ring of protection from cold]

   Str:       It affects your strength (+6).
   rC:        It protects you from cold.
   rPois:     It protects you from poison.
 A - the ring of the Firefly (on amulet) {rF+ rN+}
   (You found it on level 2 of the Depths)

   [ring of positive energy]

   rF:        It protects you from fire.
   rN:        It protects you from negative energy.
 C - a ring of fire
   (You took it off a vault guard on level 5 of the Vaults)
 F - an amulet of guardian spirit
   (You took it off a hell knight on level 3 of the Depths)
 G - the macabre finger necklace (around neck) {rN+}
   (You bought it in a shop on level 1 of the Orcish Mines)

   [amulet of nothing]

   It enables you to equip an extra ring.
   rN:        It protects you from negative energy.
 M - the ring "Hel Ydes" (right hand) {rElec rC+ Str+6}
   (You found it on level 3 of the Elven Halls)

   [ring of strength]

   Str:       It affects your strength (+6).
   rC:        It protects you from cold.
   rElec:     It insulates you from electricity.
 Z - the ring of Cuemarch (left hand) {rPois rF+ Will+ Str+4}
   (You bought it in a shop on level 11 of the Dungeon)

   [ring of poison resistance]

   Str:       It affects your strength (+4).
   rF:        It protects you from fire.
   rPois:     It protects you from poison.
   Will:      It increases your willpower.
Wands
 p - a wand of mindburst (30)
   (You found it on level 1 of the Elven Halls)
 z - a wand of charming (30)
   (You found it on level 5 of the Dungeon)
 H - a wand of light (13)
   (You found it on level 7 of the Dungeon)
 P - a wand of digging (3)
   (You found it on level 2 of the Elven Halls)
 U - a wand of roots (13)
   (You found it on level 12 of the Dungeon)
Scrolls
 c - 4 scrolls of amnesia
 d - 10 scrolls of teleportation
 g - 4 scrolls of enchant armour
 h - 6 scrolls of vulnerability
 j - 8 scrolls of fog
 l - 2 scrolls of torment
 u - 8 scrolls of immolation
 D - 3 scrolls of brand weapon
 N - 12 scrolls of magic mapping
 X - 5 scrolls of fear
Potions
 b - 4 potions of magic
 e - 2 potions of resistance
 f - 13 potions of curing
 i - 9 potions of flight
 k - 3 potions of might
 m - 2 potions of heal wounds
 n - 2 potions of invisibility
 r - 4 potions of cancellation
 x - 5 potions of berserk rage
 E - 17 potions of mutation
 J - 9 potions of attraction
 O - 3 potions of brilliance
 W - 12 potions of ambrosia
Miscellaneous
 L - a lightning rod (4/4)
   (You found it on level 1 of the Elven Halls)
 T - a phantom mirror
   (You found it on level 3 of the Elven Halls)
 V - a condenser vane
   (You found it on level 3 of the Elven Halls)
 Y - a phial of floods
   (You found it on level 3 of the Elven Halls)


   Skills:
 + Level 18.4 Fighting
 - Level 14.0 Polearms
 - Level 1.5 Dodging
 - Level 1.2 Stealth
 - Level 9.1 Shields
 - Level 15.0 Spellcasting
 - Level 18.0 Hexes
 O Level 27 Summonings
 - Level 10.0 Translocations
 - Level 6.5 Evocations


You had 3 spell levels left.
You knew the following spells:

 Your Spells              Type           Power      Damage    Failure   Level
a - Summon Small Mammal   Summ           100%       N/A       0%          1
b - Call Imp              Summ           99%        N/A       0%          2
c - Malign Gateway        Summ/Tloc      41%        N/A       2%          7
d - Summon Guardian Gole  Hex/Summ       90%        N/A       0%          3
e - Dragon's Call         Summ           49%        N/A       9%          9
f - Dispersal             Tloc           30%        N/A       14%         6
g - Summon Hydra          Summ           49%        N/A       1%          7
h - Enfeeble              Hex            40%        N/A       3%          7
i - Passage of Golubria   Tloc           60%        N/A       1%          4
j - Summon Mana Viper     Hex/Summ       90%        N/A       0%          5

Your spell library contained the following spells:

 Spells                   Type           Power      Damage    Failure   Level
 Call Canine Familiar     Summ           99%        N/A       0%          3
 Tukima's Dance           Hex            81%        N/A       0%          3
 Apportation              Tloc           100%       N/A       1%          1
 Ensorcelled Hibernation  Hex/Ice        100%       N/A       1%          2
 Dazzling Flash           Conj/Hex       100%       N/A       1%          3
 Gell's Gravitas          Tloc           60%        N/A       1%          3
 Inner Flame              Hex/Fire       57%        N/A       1%          3
 Portal Projectile        Hex/Tloc       100%       N/A       1%          3
 Teleport Other           Tloc           60%        N/A       1%          3
 Freeze                   Ice            72%        1d9       5%          1
 Magic Dart               Conj           72%        1d6       5%          1
 Necrotise                Necr           72%        1d7       5%          1
 Sandblast                Erth           36%        2d10      5%          1
 Shock                    Conj/Air       72%        1d7       5%          1
 Sting                    Tmut/Pois      72%        1d6       5%          1
 Passwall                 Tmut/Erth      15%        N/A       9%          2
 Poisonous Vapours        Pois/Air       36%        N/A       9%          2
 Scorch                   Fire           36%        2d6       9%          2
 Sublimation of Blood     Necr           18%        N/A       9%          2
 Wereblood                Tmut           18%        N/A       9%          2
 Frozen Ramparts          Ice            36%        1d6       17%         3
 Ignite Poison            Fire/Tmut/Pois 18%        N/A       17%         3
 Mephitic Cloud           Conj/Pois/Air  18%        N/A       17%         3
 Ozocubu's Armour         Ice            18%        N/A       17%         3
 Stone Arrow              Conj/Erth      36%        3d9       17%         3
 Swiftness                Air            18%        N/A       17%         3
 Vampiric Draining        Necr           18%        2d7       17%         3
 Summon Cactus Giant      Summ           49%        N/A       0%          6
 Anguish                  Hex/Necr       28%        N/A       1%          4
 Animate Armour           Summ/Erth      100%       N/A       1%          4
 Cause Fear               Hex            40%        N/A       1%          4
 Leda's Liquefaction      Hex/Erth       28%        N/A       1%          4
 Summon Ice Beast         Ice/Summ       70%        N/A       1%          4
 Summon Lightning Spire   Summ/Air       70%        N/A       1%          4
 Summon Forest            Summ/Tloc      41%        N/A       1%          5
 Monstrous Menagerie      Summ           49%        N/A       1%          7
 Summon Horrible Things   Summ           49%        N/A       1%          8
 Manifold Assault         Tloc           60%        N/A       2%          5
 Metabolic Englaciation   Hex/Ice        28%        N/A       3%          5
 Yara's Violent Unravell  Hex/Tmut       28%        3d12      3%          5
 Iskenderun's Mystic Bla  Conj/Tloc      42%        2d10      7%          4
 Spellforged Servitor     Conj/Summ      35%        N/A       19%         7
 Discord                  Hex            40%        N/A       22%         8
 Airstrike                Air            9%         2d(2-18)  50%         4
 Dispel Undead            Necr           18%        3d11      50%         4
 Flame Wave               Conj/Fire      18%        2d7       50%         4
 Hailstorm                Conj/Ice       18%        3d6       50%         4
 Ice Form                 Ice/Tmut       18%        N/A       50%         4
 Olgreb's Toxic Radiance  Pois           18%        N/A       50%         4
 Petrify                  Tmut/Erth      18%        N/A       50%         4
 Alistair's Intoxication  Tmut/Pois      12%        N/A       83%         5
 Blade Hands              Tmut           9%         N/A       83%         5
 Freezing Cloud           Conj/Ice/Air   9%         6-21      83%         5
 Irradiate                Conj/Tmut      9%         3d14      83%         5
 Iskenderun's Battlesphe  Conj           18%        2d7       83%         5
 Lee's Rapid Deconstruct  Erth           9%         3d8*      83%         5
 Lightning Bolt           Conj/Air       9%         1d21      83%         5
 Disjunction              Tloc           30%        N/A       99%         8
 Conjure Ball Lightning   Conj/Air       9%         3x3d6     100%        6
 Death Channel            Necr           9%         N/A       100%        6
 Iron Shot                Conj/Erth      9%         9d3       100%        6
 Starburst                Conj/Fire      9%         6d5       100%        6
 Statue Form              Tmut/Erth      12%        N/A       100%        6
 Dragon Form              Tmut           9%         N/A       100%        7
 Ozocubu's Refrigeration  Ice            9%         4d9       100%        7
 Ignition                 Fire           9%         3d5       100%        8
 Infestation              Necr           9%         N/A       100%        8
 Chain Lightning          Conj/Air       9%         3d12      100%        9
 Corpse Rot               Necr/Pois/Air  Unusable   N/A       N/A         4
 Simulacrum               Ice/Necr       Unusable   N/A       N/A         6

Dungeon Overview and Level Annotations

Branches:
Dungeon (15/15)            Temple (1/1) D:4            Lair (5/5) D:11
  Swamp (4/4) Lair:2       Spider (4/4) Lair:3        Slime (0/5) Lair:4
    Orc (2/2) D:11            Elf (3/3) Orc:2        Vaults (5/5) D:14
  Crypt (3/3) Vaults:3       Tomb (0/3) Crypt:3      Depths (4/4) D:15
    Zot (5/5) Depths:4

Altars:
Ashenzari
Cheibriados
Dithmenos
Elyvilon
Fedhas
Gozag
Hepliaklqana
Kikubaaqudgha
Makhleb
Nemelex Xobeh
Okawaru
Qazlal
Ru
Sif Muna
Trog
Uskayaw
Vehumet
Wu Jian
Xom
Yredelemnul
Zin
The Shining One
Jiyva
Lugonu

Shops:
D:5 :   D:8 :   D:9 *   D:11 =[(   D:12 *!   Orc:1 =   Orc:2 [*(([   Elf:3 [
Vaults:3 [?[(   Depths:1 *   Depths:3 ?   Depths:4 (

Portals:
Hell: Depths:1 Depths:2 Depths:3 Depths:4
Abyss: Depths:3
Pandemonium: Depths:1 Depths:2 Depths:3
Ziggurat: Depths:3

Annotations:
Swamp:3 3 runed translucent doors, exclusion: downstairs, Amet's ghost, journeyman MiBe; Axikluogo's ghost, adept MiCA; Ykec Esm's ghost, journeyman DrWn; Zoigrime's ghost, adept FoFi
Swamp:4 Roxanne
Spider:1 1 runed translucent door
Spider:2 3 runed translucent doors, Leon's ghost, adept DsFi
Spider:3 2 transporters, Arachne; mantisjm's ghost, adept VSNe
Elf:2 5 runed translucent doors
Depths:3 Vv
Zot:5 1 exclusion


Innate Abilities, Weirdness & Mutations

You are completely covered in rugged brown scales. (AC +3, +7% HP)
You have supernaturally acute eyesight. (SInv)
Armour fits poorly on your strangely shaped body.
You can roll at nearby foes to attack.
You have a long armoured tail.
You curl defensively after being hit. (AC +7*)
You expend magic power (3 MP) to strengthen your wands.


Message History

You are encased in ice.
A red draconian comes into view. It is wielding a +0 trident.
The red draconian stares, then turns away, jangling a coin purse.
You reach to attack!
The white draconian stormcaller roars!
You puncture the rime drake!
The rime drake is moderately wounded.
Your +9 spectral demon trident barely misses the rime drake.
You puncture the rime drake!
The rime drake is severely wounded.
Your +9 spectral demon trident hits the rime drake!!
You kill the rime drake!
The rime drake's corpse disappears in a puff of smoke!
The purple draconian breathes dispelling energy at you.
The bolt of dispelling energy hits your +9 spectral demon trident!!
Your spectral weapon shares its damage with you!
Your +9 spectral demon trident fades away.
The bolt of dispelling energy hits you!!
Your magical effects are unravelling.
The white draconian stormcaller calls down the wrath of Qazlal upon you.
Qazlal smites you!
You hear an angry hiss.
Unknown command.
Casting: Enfeeble (mildly dangerous; 3% risk of failure)
Confirm with . or Enter, or press ? or * to list all spells.
Aiming: Enfeeble (mildly dangerous; 3% risk of failure)
Press: ? - help, Shift-Dir - straight line, f - purple draconian
Aim: a purple draconian, wielding a +0 war axe (catching its breath, will inflict weakness, chance to daze and blind: 31%)
The purple draconian is enfeebled!
The ice encasing you melts away.
The purple draconian is lost in a daze.
The white draconian stormcaller invokes the aid of Qazlal against you.
The blast of rubble hits you but does no damage.
Casting: Enfeeble (mildly dangerous; 3% risk of failure)
Confirm with . or Enter, or press ? or * to list all spells.
Aiming: Enfeeble (mildly dangerous; 3% risk of failure)
Press: ? - help, Shift-Dir - straight line, f - white draconian stormcaller, p - purple draconian
Aim: a white draconian stormcaller, wielding a +0 long sword and wearing a +0 cloak (will inflict weakness, chance to daze and blind: 97%)
The white draconian stormcaller is enfeebled!
The dread lich enters a dispersal trap!
The komodo dragon blinks!
The red draconian blinks!
The white draconian stormcaller blinks!
The komodo dragon blinks!
The white draconian stormcaller blinks!
The purple draconian blinks!
You blink.
The white draconian stormcaller is lost in a daze.
The white draconian stormcaller breathes frost at you.
The blast of cold hits you. You resist.
You reach to attack!
You strike the helpless white draconian stormcaller from behind!
You impale the white draconian stormcaller!!
The white draconian stormcaller is moderately wounded.
Your +9 spectral demon trident hits the white draconian stormcaller from afar.
You reach to attack!
You hit the white draconian stormcaller.
The white draconian stormcaller is heavily wounded.
Your +9 spectral demon trident hits the white draconian stormcaller from afar!
The dread lich enters a dispersal trap!
The green draconian monk blinks!
The red draconian blinks!
The purple draconian blinks!
You blink.
You enter a dispersal trap!
The green draconian monk blinks!
The komodo dragon blinks!
The purple draconian blinks!
You blink.
The komodo dragon disappears in a puff of smoke!
The purple draconian is no longer dazed.
The purple draconian is no longer blind.
The purple draconian is no longer weakened.
The purple draconian breathes dispelling energy at you.
The bolt of dispelling energy hits you but does no damage.
A dread lich comes into view.
The white draconian stormcaller roars!
The white draconian stormcaller breathes frost at you.
The blast of cold hits you! You resist.
The purple draconian barely misses the green draconian monk.
Casting: Enfeeble (mildly dangerous; 3% risk of failure)
Confirm with . or Enter, or press ? or * to list all spells.
Aiming: Enfeeble (mildly dangerous; 3% risk of failure)
Press: ? - help, Shift-Dir - straight line, f/p - white draconian stormcaller
Aim: a white draconian stormcaller, wielding a +0 long sword and wearing a +0 cloak (heavily wounded, will inflict weakness, chance to daze and blind: 97%)
The white draconian stormcaller is enfeebled!
The purple draconian breathes dispelling energy at you.
The bolt of dispelling energy hits the green draconian monk!
The bolt of dispelling energy hits you but does no damage.
The white draconian stormcaller breathes frost at you.
The blast of cold hits you! You resist.
The green draconian monk hits the purple draconian!
The green draconian monk kicks the purple draconian.
The green draconian monk tail-slaps the purple draconian.
The green draconian monk tail-slaps the purple draconian!
Unknown command.
Casting: Enfeeble (mildly dangerous; 3% risk of failure)
Confirm with . or Enter, or press ? or * to list all spells.
You call out to the draconic realm, and the dragon horde roars back!
A dragon arrives to answer your call!
The purple draconian misses the green draconian monk.
The green draconian monk breathes poison at the purple draconian.
The blast of poison engulfs the purple draconian!
The purple draconian is poisoned.
Your golden dragon breathes cold at the white draconian stormcaller.
The bolt of cold hits the white draconian stormcaller!!
The white draconian stormcaller resists.
A dragon arrives to answer your call!
The red draconian is engulfed in poison gas.
The red draconian is poisoned.
The red draconian hits the purple draconian with a +0 trident!!
The purple draconian is engulfed in poison gas.
The purple draconian looks even sicker.
The purple draconian hits the green draconian monk with a +0 war axe!!
The purple draconian hits your quicksilver dragon but does no damage.
The purple draconian hits the red draconian with a +0 war axe!
The green draconian monk hits the purple draconian!!
The purple draconian dies!
The white draconian stormcaller is lost in a daze.
Your quicksilver dragon is engulfed in poison gas.
Your quicksilver dragon is poisoned.
Your golden dragon bites the white draconian stormcaller!!
The white draconian stormcaller dies!
A dragon arrives to answer your call!
* * * LOW MAGIC WARNING * * *
Your quicksilver dragon is engulfed in poison gas.
Your quicksilver dragon looks even sicker.
The red draconian is engulfed in poison gas.
The red draconian looks even sicker.
Your quicksilver dragon is engulfed in poison gas.
Your quicksilver dragon looks even sicker.
Your golden dragon bites the dread lich!!
Your golden dragon claws the dread lich but does no damage.
Your golden dragon tramples the dread lich!
The dread lich stumbles backwards!
You could not reach far enough!
The dread lich gestures wildly while chanting.
The dread lich flickers and vanishes for a moment.
Your quicksilver dragon is engulfed in poison gas.
Your quicksilver dragon looks as sick as possible!
Your quicksilver dragon bites the dread lich.
Your quicksilver dragon claws the dread lich!
You could not reach far enough!
Your golden dragon bites the dread lich!!
Your golden dragon claws the dread lich but does no damage.
Your golden dragon barely misses the dread lich.
Your golden dragon bites the dread lich!!
Your golden dragon claws the dread lich but does no damage.
Your golden dragon barely misses the dread lich.
You reach to attack!
You puncture the dread lich!
The dread lich is almost destroyed.
Your +9 spectral demon trident hits the dread lich but does no damage.
Your quicksilver dragon is engulfed in poison gas.
Your quicksilver dragon looks as sick as possible!
Your quicksilver dragon breathes dispelling energy at the dread lich.
The bolt of dispelling energy hits the dread lich!
The dread lich is destroyed!
An orb of fire comes into view.
The orb of fire stares, then turns away, jangling a coin purse.
The red draconian is engulfed in poison gas.
The red draconian looks even sicker.
You feel your strength returning.
You swap places.
The red draconian is engulfed in poison gas.
The red draconian looks as sick as possible!
You swap places.
You hear a shout!
You now have 10782 gold pieces (gained 4).
You swap places.
Found 2 stones.
The ancient lich stares, then turns away, jangling a coin purse.
An ancient lich comes into view.
The ancient lich moves out of view.
Found a club.
An Orb Guardian comes into view.
* * * LOW MAGIC WARNING * * *
Your golden dragon disappears in a puff of smoke!
Your quicksilver dragon disappears in a puff of smoke!
Your quicksilver dragon breathes dispelling energy at the Orb Guardian.
The bolt of dispelling energy hits the Orb Guardian!! [a] - 315 gold - haste and heal wounds [b] - 280 gold - heal wounds and berserk rage [c] - 290 gold - resistance Purchase which effect?
You feel yourself speed up.
You feel much better. A dragon arrives to answer your call!
* * * LOW MAGIC WARNING * * *
The Orb Guardian completely misses you.
You impale the Orb Guardian!!
The Orb Guardian is heavily wounded.
Your +9 spectral demon trident barely misses the Orb Guardian.
The Orb Guardian hits you!
Your shadow dragon breathes negative energy at the Orb Guardian.
The bolt of negative energy hits the Orb Guardian!
The Orb Guardian is drained!
Your quicksilver dragon bites the Orb Guardian!!
Your quicksilver dragon claws the Orb Guardian.
The Orb Guardian dies!
The Orb Guardian stares, then turns away, jangling a coin purse. 2 Orb Guardians come into view.
You see here 16 gold pieces.
Okay, then.
A dragon arrives to answer your call!
* * * LOW MAGIC WARNING * * *
The Orb Guardian hits your golden dragon.
Your golden dragon completely misses the Orb Guardian.
Your golden dragon claws the Orb Guardian but does no damage.
Your golden dragon completely misses the Orb Guardian.
Your quicksilver dragon closely misses the Orb Guardian.
Your quicksilver dragon claws the Orb Guardian.
Your shadow dragon closely misses the Orb Guardian.
Your shadow dragon claws the Orb Guardian.
Your shadow dragon claws the Orb Guardian but does no damage.
The Orb Guardian hits your shadow dragon!!
Your quicksilver dragon bites the Orb Guardian!!
Your quicksilver dragon completely misses the Orb Guardian.
A dragon arrives to answer your call!
* * * LOW MAGIC WARNING * * *
Your golden dragon breathes fire at the Orb Guardian.
The bolt of fire hits the Orb Guardian!!!
Your quicksilver dragon barely misses the Orb Guardian.
Your quicksilver dragon claws the Orb Guardian.
Your quicksilver dragon bites the Orb Guardian!
Your quicksilver dragon barely misses the Orb Guardian.
An Orb Guardian comes into view.
The Orb Guardian hits your golden dragon.
Your shadow dragon bites the Orb Guardian!
The Orb Guardian dies!
Your golden dragon disappears in a puff of smoke!
An Orb Guardian comes into view.
The Orb Guardian pulls the alarm!
The alarm trap emits a blaring wail!
A sentinel's mark forms upon you.
You hear a shout! x2; You hear a roar! x2; You hear a shout! x2
Your magical effects are unravelling.
You feel magically purged.
You feel yourself slow down.
The sentinel's mark upon you fades away.
You swap places.
The Orb Guardian is distracted by your dazzling golden aura.
An Orb Guardian comes into view.
A dragon arrives to answer your call!
* * * LOW MAGIC WARNING * * *
The Orb Guardian is distracted by your dazzling golden aura.
Your golden dragon closely misses the Orb Guardian.
Your golden dragon claws the Orb Guardian!
The Orb Guardian is no longer distracted by gold.
Your golden dragon tramples the Orb Guardian.
The Orb Guardian stumbles backwards!
You swap places.
The Orb Guardian is no longer distracted by gold.
The Orb Guardian disappears!
Your quicksilver dragon breathes dispelling energy at the Orb Guardian.
The bolt of dispelling energy misses the Orb Guardian.
The Orb Guardian completely misses your quicksilver dragon.
You see here 23 gold pieces.
You swap places.
An Orb Guardian comes into view. x2
The Orb Guardian hits you.
Your golden dragon bites the Orb Guardian but does no damage.
Your golden dragon barely misses the Orb Guardian.
Your golden dragon tramples the Orb Guardian but does no damage.
A dragon arrives to answer your call!
* * * LOW MAGIC WARNING * * *
You hear a shout!
The Orb Guardian hits you but does no damage.
The Orb Guardian disappears!
Your golden dragon bites the Orb Guardian.
Your golden dragon claws the Orb Guardian.
Your golden dragon closely misses the Orb Guardian.
You block the Orb Guardian's attack.
Found the Orb of Zot.
Your quicksilver dragon disappears in a puff of smoke!
Your quicksilver dragon bites the Orb Guardian!
Your quicksilver dragon claws the Orb Guardian!
The Orb Guardian hits you but does no damage.
Your shadow dragon breathes negative energy at the Orb Guardian.
The bolt of negative energy hits the Orb Guardian!!!
The Orb Guardian is drained!
The Orb Guardian dies!
Your golden dragon completely misses the Orb Guardian.
Your golden dragon claws the Orb Guardian!
Your golden dragon tramples the Orb Guardian!
The Orb Guardian holds its ground!
You feel your strength returning.
You hear a shout! x2
The Orb Guardian hits you!!
The Orb Guardian hits you but does no damage.
The Orb Guardian hits you!
The Orb Guardian hits you but does no damage.
Your golden dragon bites the Orb Guardian but does no damage.
Your golden dragon claws the Orb Guardian!
Your golden dragon tramples the Orb Guardian but does no damage.
You hit the Orb Guardian.
The Orb Guardian is heavily wounded.
Your +9 spectral demon trident closely misses the Orb Guardian.
Your golden dragon disappears in a puff of smoke!
The Orb Guardian hits the Orb Guardian!!
The Orb Guardian hits you!
Your shadow dragon bites the Orb Guardian but does no damage.
Your shadow dragon claws the Orb Guardian.
Your shadow dragon claws the Orb Guardian but does no damage.
The Orb Guardian hits your shadow dragon!!!
A Killer Klown comes into view. It is wielding a +9 club of venom.
You closely miss the Orb Guardian.
Your tail-slap misses the Orb Guardian.
The Orb Guardian is almost dead.
Your +9 spectral demon trident hits the Orb Guardian from afar!
A dragon tries to answer your call, but you don't have enough magical power!
The Orb Guardian completely misses the Orb Guardian.
Your golden dragon misses the Orb Guardian.
Your golden dragon barely misses the Orb Guardian.
Your golden dragon tramples the Orb Guardian.
The Orb Guardian holds its ground!
The Orb Guardian hits you!
You impale the Orb Guardian!!
You kill the Orb Guardian!
An Orb Guardian comes into view.
You swap places.
The Orb Guardian hits your quicksilver dragon!!
Your quicksilver dragon closely misses the Orb Guardian.
Your quicksilver dragon completely misses the Orb Guardian.
The Orb Guardian is distracted by your dazzling golden aura.
You see here 21 gold pieces.
* * * LOW MAGIC WARNING * * *
Your iron dragon bites the Orb Guardian!!
Your iron dragon barely misses the Orb Guardian.
Your iron dragon tramples the Orb Guardian!
The Orb Guardian holds its ground!
The Killer Klown pies you viciously! The klown pie hits your iron dragon!
Moon pie!
Your iron dragon evaporates and reforms as a golden dragon!
Magic courses through your body.
Your golden dragon breathes fire at the Orb Guardian.
The bolt of fire hits the Orb Guardian!!!
The Orb Guardian is no longer distracted by gold.
Your golden dragon bites the Killer Klown!!
Your golden dragon claws the Killer Klown!
Your golden dragon tramples the Killer Klown!
The Killer Klown stumbles backwards!
The Orb Guardian hits your golden dragon but does no damage.
You swap places.
Your golden dragon bites the Orb Guardian but does no damage.
Your golden dragon claws the Orb Guardian but does no damage.
Your golden dragon tramples the Orb Guardian!
The Orb Guardian stumbles backwards!
The Orb Guardian dies!
Your golden dragon bites the Killer Klown.
Your golden dragon closely misses the Killer Klown.
Your golden dragon tramples the Killer Klown but does no damage.
Your golden dragon completely misses the Killer Klown.
Your golden dragon claws the Killer Klown!
Your golden dragon tramples the Killer Klown.
The Killer Klown holds its ground!
The Orb Guardian disappears!
You see here 21 gold pieces.
A dragon arrives to answer your call!
Your shadow dragon disappears in a puff of smoke!
The Killer Klown pies you viciously! The klown pie hits your golden dragon!!
Blueberry!
Your golden dragon loses the ability to speak.
Your quicksilver dragon bites the Orb Guardian.
Your quicksilver dragon claws the Orb Guardian but does no damage.
The Orb Guardian hits you but does no damage.
The Killer Klown pies you viciously! The klown pie hits you!
Blueberry!
An unnatural silence engulfs you.
Your golden dragon bites the Killer Klown!!
Your golden dragon completely misses the Killer Klown.
Your golden dragon closely misses the Killer Klown.
Your golden dragon bites the Killer Klown!!
Your golden dragon claws the Killer Klown!
Your golden dragon tramples the Killer Klown but does no damage.
You see here 26 gold pieces.
You cannot cast spells when silenced!
You feel yourself speed up.
Your quicksilver dragon barely misses the Orb Guardian.
Your quicksilver dragon claws the Orb Guardian!!
Your golden dragon barely misses the Killer Klown.
Your golden dragon misses the Killer Klown.
Your golden dragon tramples the Killer Klown but does no damage.
The Orb Guardian barely misses you.
A dread lich comes into view.
The dread lich stares, then turns away, jangling a coin purse.
The Killer Klown is distracted by your dazzling golden aura.
Your golden dragon bites the Killer Klown but does no damage.
The Killer Klown is no longer distracted by gold.
Your golden dragon misses the Killer Klown.
Your golden dragon tramples the Killer Klown!
The Killer Klown stumbles backwards!
Your quicksilver dragon bites the Orb Guardian but does no damage.
Your quicksilver dragon claws the Orb Guardian!!
Your quicksilver dragon disappears in a puff of smoke!
The Orb Guardian is distracted by your dazzling golden aura.
Your golden dragon breathes fire at the Killer Klown.
The bolt of fire hits the Killer Klown!!!
The Killer Klown dies!
You feel your strength returning.
Your golden dragon is no longer mute.
Your quicksilver dragon breathes dispelling energy at the Orb Guardian.
The bolt of dispelling energy hits the Orb Guardian!
The Orb Guardian is no longer distracted by gold.
The Orb Guardian is distracted by your dazzling golden aura.
A dragon arrives to answer your call!
Your quicksilver dragon bites the Orb Guardian!
Your quicksilver dragon claws the Orb Guardian!
Your quicksilver dragon closely misses the Orb Guardian.
Your quicksilver dragon claws the Orb Guardian but does no damage.
You swap places.
Your quicksilver dragon breathes dispelling energy at the Orb Guardian.
The bolt of dispelling energy hits the Orb Guardian!
The Orb Guardian is no longer distracted by gold.
The Orb Guardian closely misses your quicksilver dragon.
Your quicksilver dragon breathes dispelling energy at the Orb Guardian.
The bolt of dispelling energy hits the Orb Guardian!!!
The Orb Guardian dies!
The roar of the dragon horde subsides.
You swap places.
The dread lich disappears!
You swap places.
A white draconian comes into view. It is wielding a +0 long sword.
The white draconian breathes frost at you.
The blast of cold hits your golden dragon!
Your golden dragon resists.
You swap places.
You swap places.
Your hearing returns.
You swap places.
Your golden dragon breathes poison at the white draconian.
The blast of poison engulfs the ancient lich but does no damage.
The white draconian disappears!
An Orb Guardian comes into view.
You hear a shout!
Something hits the ancient lich.
You swap places.
The ancient lich gestures at the Orb Guardian while chanting.
The bolt of acid hits the Orb Guardian!!!
The Orb Guardian hits the ancient lich.
You swap places.
Your golden dragon disappears in a puff of smoke!
The ancient lich casts a spell.
The ancient lich seems to speed up.
A Killer Klown comes into view. It is wielding a +12 club.
The Killer Klown stares, then turns away, jangling a coin purse.
Unknown command.
What are your orders? t - Shout!
Orders for allies: a - Attack new target. r - Retreat! s - Stop attacking. g - Guard the area. f - Follow me.
Anything else - Cancel.
Gang up on whom?
Press: ? - help, Dir - move target, f - Orb Guardian
Aim: an Orb Guardian (severely wounded, not watching you) Attack!
The Orb Guardian hits the ancient lich but does no damage.
The ancient lich touches the Orb Guardian.
The Orb Guardian hits the ancient lich!
The ancient lich touches the Orb Guardian but does no damage.
Your quicksilver dragon breathes dispelling energy at the Orb Guardian.
The bolt of dispelling energy hits the Orb Guardian!!!
The Orb Guardian dies!
Your golden dragon disappears in a puff of smoke!
The Killer Klown is poisoned.
The Orb Guardian disappears!
Your quicksilver dragon disappears in a puff of smoke!
You start resting.
Your quicksilver dragon disappears in a puff of smoke!
You can once more reach out to the dragon horde.
You now have 10490 gold pieces (gained 23).
You now have 10505 gold pieces (gained 15).
You now have 10531 gold pieces (gained 26).
You now have 10552 gold pieces (gained 21).
Found 5 gold pieces.
You now have 10572 gold pieces (gained 20).
You now have 10576 gold pieces (gained 4).
You see here a +9 club of venom.
Your extra speed is starting to run out.
You see here the Orb of Zot.
You now have 10584 gold pieces (gained 8).
Things that are here:
a +0 long sword; a +0 cloak You now have 10589 gold pieces (gained 5).
d - 10 scrolls of teleportation (gained 1)
You see here a +0 short sword.
You feel yourself slow down.
You now have 10617 gold pieces (gained 28).
You now have 10640 gold pieces (gained 23).
You see here the Orb of Zot.
You feel yourself speed up.
You pick up the Orb of Zot!
The Orb lets out a hideous shriek!
The lords of Pandemonium are not amused.
Beware!
Now all you have to do is get back out of the dungeon!
A blizzard demon comes into view.
The blizzard demon shouts!
The blizzard demon waves its arms in wide circles.
The air twists around and strikes you.
You see here 16 gold pieces.
An Ice Fiend comes into view.
The white draconian breathes frost at you.
The blast of cold hits you. You resist.
The Orb Guardian hits you but does no damage.
The white draconian completely misses you.
The Orb Guardian hits you!!
Your extra speed is starting to run out.
You see here a +9 club of electrocution.
You see here a +0 short sword.
You feel yourself slow down. The Orb Guardian hits you!!
The Orb Guardian hits you!! The Orb Guardian hits you!!
The Orb Guardian attacks as you move away!
The Orb Guardian hits you!
The Orb Guardian hits you but does no damage.
You see here a +0 dire flail.
The Orb Guardian attacks as you move away!
You block the Orb Guardian's attack.
The Orb Guardian hits you but does no damage.
The Orb Guardian attacks as you move away!
You block the Orb Guardian's attack.
You hear a loud "Zot"!
The Orb Guardian attacks as you move away!
The Orb Guardian barely misses you.
The white draconian is distracted by your dazzling golden aura.
You block the Orb Guardian's attack. The Orb Guardian completely misses you.
The Orb Guardian attacks as you move away!
The Orb Guardian barely misses you. You block the Orb Guardian's attack.
The Orb Guardian is distracted by your dazzling golden aura.
Things that are here:
a +9 club; a +0 long sword The Orb Guardian hits you but does no damage.
There is a stone staircase leading up, spattered with blood here.
The Orb Guardian is no longer distracted by gold.
The Orb Guardian hits you!
You fly upwards.
There is a stone staircase leading down here.
Casting: Dragon's Call (dangerous; 10% risk of failure)
Confirm with . or Enter, or press ? or * to list all spells.
Aiming: Enfeeble (mildly dangerous; 3% risk of failure)
Press: ? - help, Shift-Dir - straight line, f - Orb Guardian
Aim: an Orb Guardian (will inflict weakness, chance to daze and blind: 49%)
The Orb Guardian is enfeebled!
You block the Orb Guardian's attack.
You puncture the Orb Guardian!
The Orb Guardian is lightly wounded.
Your +9 spectral demon trident hits the Orb Guardian!
The Orb Guardian is lost in a daze.
You catch the helpless Orb Guardian completely off-guard!
You hit the Orb Guardian.
Your tail-slap misses the Orb Guardian.
The Orb Guardian is moderately wounded.
Your +9 spectral demon trident hits the Orb Guardian.
The Orb Guardian closely misses you.
You barely miss the Orb Guardian.
Your tail-slap misses the Orb Guardian.
The Orb Guardian is moderately wounded.
Your +9 spectral demon trident hits the Orb Guardian.
The Orb Guardian hits you!!
* * * LOW HITPOINT WARNING * * *
You puncture the Orb Guardian!
Your tail-slap misses the Orb Guardian.
The Orb Guardian is severely wounded.
Your +9 spectral demon trident closely misses the Orb Guardian.
The Orb Guardian hits you but does no damage.
You closely miss the Orb Guardian.
The Orb Guardian is severely wounded.
Your +9 spectral demon trident hits the Orb Guardian.
You block the Orb Guardian's attack.
You puncture the Orb Guardian!
The Orb Guardian is severely wounded.
Your +9 spectral demon trident closely misses the Orb Guardian.
The Orb Guardian is lost in a daze.
You puncture the Orb Guardian!
The Orb Guardian is almost dead.
Your +9 spectral demon trident hits the Orb Guardian!
You hit the Orb Guardian but do no damage.
The Orb Guardian is almost dead.
Your +9 spectral demon trident hits the Orb Guardian!
You kill the Orb Guardian!
There is an open door here.
There is a stone staircase leading up here.
You fly upwards.
There is a stone staircase leading down here.
There is an open door here.
Magic restored.
There is an open gate here.
You see here a +0 club.
You see here a +0 robe.
Yphulu grins greedily, jangling a coin purse.
Your bribe of the Realm of Zot has been exhausted.
A Yphulu, a small abomination, an iron imp and an orange demon come into view.
Press: ? - help, v - describe, . - travel
Here: Yphulu (surrounded by negative energy, unaware, friendly)
The floor.
Unknown command.
Unknown command.
Unknown command.
Unknown command.
Blink to where?
Press: ? - help, Dir - move target
As you read the scroll of blinking, it crumbles to dust.
The iron imp shouts!
The orange demon screeches!
You block the orange demon's attack.
You fly upwards.
There is a stone staircase leading down here.
You feel better.
You feel better.
You feel better.
You feel better.
You feel better.
HP restored.
There is an open gate here.
A rust devil comes into view.
The rust devil screeches!
The rust devil barely misses you.
There is an escape hatch in the ceiling here.
The rust devil hits you. The rust devil corrodes you!
A mysterious force pulls you upwards. The hatch slams shut behind you.
You puncture the rust devil!
The rust devil is moderately wounded.
Your +9 spectral demon trident hits the rust devil from afar!
You closely miss the rust devil. You tail-slap the rust devil!
The rust devil is heavily wounded.
Your +9 spectral demon trident hits the rust devil from afar.
The rust devil hits you. The rust devil corrodes you!
You puncture the rust devil!
The rust devil is almost dead.
Your +9 spectral demon trident closely misses the rust devil.
You puncture the rust devil!
You kill the rust devil!
This spell is dangerous to cast!
Memorise Dispersal, consuming 6 spell levels and leaving 3?
You start memorising the spell.
You continue memorising. x6
You finish memorising.
Spell assigned to 'f'.
Unknown command.
You see here a book of Scorching.
You are no longer corroded.
The black draconian knight roars!
Casting: Enfeeble (mildly dangerous; 3% risk of failure)
Confirm with . or Enter, or press ? or * to list all spells.
You call out to the draconic realm, and the dragon horde roars back!
The red draconian roars!
A dragon arrives to answer your call!
You hear a roar!
A searing blast appears from out of your range of vision.
The searing blast hits your storm dragon!
The red draconian breathes fire at you.
The searing blast hits your storm dragon!!!
The black draconian knight casts a spell.
The black draconian knight flickers and vanishes for a moment.
Your storm dragon breathes lightning at the red draconian.
The bolt of lightning hits the red draconian!!!
The bolt of lightning hits the red draconian!!
The bolt of lightning hits your storm dragon.
Your storm dragon completely resists.
The red draconian hits your storm dragon with a +0 glaive!
Your storm dragon breathes lightning at the red draconian scorcher.
The bolt of lightning hits the red draconian scorcher!!
A dragon arrives to answer your call!
The red draconian scorcher casts a spell at you.
The sphere of damnation explodes!
The damnation engulfs you!!
The yellow draconian annihilator spits acid at you.
The glob of acid hits you.
Your quicksilver dragon breathes dispelling energy at the yellow draconian annihilator.
The bolt of dispelling energy hits the yellow draconian annihilator!!!
The black draconian knight breathes lightning at you.
The bolt of lightning hits you! You resist.
A dragon arrives to answer your call!
Your quicksilver dragon breathes dispelling energy at the yellow draconian annihilator.
The bolt of dispelling energy hits the yellow draconian annihilator!!!
The yellow draconian annihilator dies!
Your storm dragon misses the red draconian scorcher.
Your storm dragon barely misses the red draconian scorcher.
Your storm dragon tramples the red draconian scorcher.
The red draconian scorcher stumbles backwards!
The red draconian hits your storm dragon with a +0 glaive!!
The red draconian scorcher points at you and mumbles some strange words.
The bolt of fire hits you. You resist.
The black draconian knight casts a spell.
The black draconian knight seems to speed up.
Your ice dragon bites the red draconian!
Your ice dragon barely misses the red draconian. x2
Your storm dragon bites the red draconian scorcher!!
Your storm dragon claws the red draconian scorcher!
Your storm dragon misses the red draconian scorcher.
The red draconian breathes fire at your storm dragon.
The searing blast hits your storm dragon!!
The red draconian scorcher breathes fire at your storm dragon.
The searing blast hits your storm dragon!!
Your storm dragon dies!
Your storm dragon's corpse disappears in a puff of smoke!
The searing blast hits your quicksilver dragon but does no damage.
Your quicksilver dragon breathes dispelling energy at the red draconian scorcher.
The bolt of dispelling energy hits the red draconian scorcher!!
Your ice dragon misses the red draconian.
Your ice dragon claws the red draconian.
Your ice dragon tramples the red draconian but does no damage.
Casting: Dragon's Call (dangerous; 9% risk of failure)
Confirm with . or Enter, or press ? or * to list all spells.
Aiming: Enfeeble (mildly dangerous; 3% risk of failure)
Press: ? - help, Shift-Dir - straight line, f - black draconian knight
Aim: a black draconian knight, wielding a +0 long sword, wearing a +0 cloak and wearing a +2 tower shield of protection (fast, slightly transparent, catching its breath, will inflict weakness and antimagic, chance to daze and blind: 97%)
The black draconian knight is enfeebled!
A dragon arrives to answer your call!
The red draconian hits your ice dragon with a +0 glaive!
The red draconian scorcher casts a spell at your quicksilver dragon.
The fireball explodes!
The fireball engulfs your quicksilver dragon!!
The fireball engulfs the red draconian!!
The red draconian resists.
The red draconian dies!
The fireball engulfs your ice dragon!!!
Your ice dragon is burned terribly!
Casting: Enfeeble (mildly dangerous; 3% risk of failure)
Confirm with . or Enter, or press ? or * to list all spells.
Aiming: Enfeeble (mildly dangerous; 3% risk of failure)
Press: ? - help, Shift-Dir - straight line, f - storm dragon, p - black draconian knight
Aim: a storm dragon (summoned, friendly, will inflict weakness, chance to daze and blind: 66%)
Okay, then.
The black draconian knight is lost in a daze.
The red draconian scorcher is distracted by your dazzling golden aura.
The black draconian knight is lost in a daze.
Reach: a) +9 demon trident (spect)
Press: ? - help, Dir - move target, f - red draconian scorcher, p - black draconian knight
Aim: a red draconian scorcher, wielding a +0 rapier and wearing a +0 cloak (almost dead, unaware, ally target, hasn't noticed you, about 26% to evade your +9 spectral demon trident)
You reach to attack!
You catch the helpless red draconian scorcher completely off-guard!
You hit the red draconian scorcher.
The red draconian scorcher is no longer distracted by gold.
The red draconian scorcher is almost dead.
Your +9 spectral demon trident hits the red draconian scorcher!!
You kill the red draconian scorcher!
You swap places.
A dragon arrives to answer your call!
The black draconian knight hits your storm dragon but does no damage.
The black draconian knight breathes lightning at you.
The bolt of lightning hits your storm dragon.
Your storm dragon completely resists.
The bolt of lightning hits you! You resist. The bolt of lightning hits you.
You resist.
The bolt of lightning hits your storm dragon.
Your storm dragon completely resists.
The bolt of lightning misses the black draconian knight.
You swap places.
The black draconian knight hits your storm dragon with a +0 long sword.
Your quicksilver dragon breathes dispelling energy at the black draconian knight.
The bolt of dispelling energy hits the black draconian knight.
The black draconian knight's magical effects unravel!
Things that are here:
5 gold pieces; a +0 rapier; a +0 cloak A dragon arrives to answer your call!
Your quicksilver dragon bites the black draconian knight but does no damage.
The black draconian knight blocks your quicksilver dragon's attack.
The black draconian knight casts a spell at you.
The bolt of cold hits your quicksilver dragon!!
The bolt of cold hits you. You resist.
Your fire dragon bites the black draconian knight.
Your fire dragon closely misses the black draconian knight.
Your fire dragon tramples the black draconian knight but does no damage.
Your golden dragon bites the black draconian knight!!
The black draconian knight blocks your golden dragon's attack. x2
The black draconian knight blocks your quicksilver dragon's attack.
Your quicksilver dragon completely misses the black draconian knight.
The black draconian knight is distracted by your dazzling golden aura.
Your quicksilver dragon breathes dispelling energy at the black draconian knight.
The bolt of dispelling energy misses the black draconian knight.
Your golden dragon bites the black draconian knight!
The black draconian knight is no longer distracted by gold.
The black draconian knight blocks your golden dragon's attack.
Your golden dragon barely misses the black draconian knight.
Your quicksilver dragon bites the black draconian knight!
Your quicksilver dragon barely misses the black draconian knight.
The black draconian knight mumbles some strange words.
The black draconian knight flickers and vanishes for a moment.
Your golden dragon bites the black draconian knight but does no damage.
The black draconian knight blocks your golden dragon's attack.
Your golden dragon tramples the black draconian knight.
The black draconian knight holds its ground!
A dragon arrives to answer your call!
Your quicksilver dragon bites the black draconian knight but does no damage.
Your quicksilver dragon claws the black draconian knight.
The black draconian knight breathes lightning at your quicksilver dragon.
The bolt of lightning hits your quicksilver dragon!!
The black draconian knight blocks your quicksilver dragon's attack.
Your quicksilver dragon claws the black draconian knight.
What are your orders? t - Shout!
Orders for allies: a - Attack new target. r - Retreat! s - Stop attacking. g - Guard the area. f - Follow me.
Anything else - Cancel.
Gang up on whom?
Press: ? - help, Dir - move target, f - black draconian knight
Aim: a black draconian knight, wielding a +0 long sword, wearing a +0 cloak and wearing a +2 tower shield of protection (severely wounded, slightly transparent, not watching you, catching its breath, ally target) Attack!
The black draconian knight is invisible, and some of your allies can't see it.
Your quicksilver dragon bites the black draconian knight but does no damage.
The black draconian knight blocks your quicksilver dragon's attack.
The black draconian knight hits your quicksilver dragon with a +0 long sword.
The black draconian knight blocks your iron dragon's attack.
Your iron dragon claws the black draconian knight but does no damage.
The black draconian knight blocks your iron dragon's attack.
A smoke demon comes into view.
A dragon arrives to answer your call!
The black draconian knight points at your iron dragon and mumbles some strange words.
The shard of ice hits your iron dragon!
Your iron dragon partially resists.
The black draconian knight blocks your iron dragon's attack.
Your iron dragon claws the black draconian knight!!
The black draconian knight blocks your iron dragon's attack.
Your golden dragon breathes fire at the black draconian knight.
The bolt of fire hits the black draconian knight!!!
The black draconian knight dies!
Your golden dragon bites the smoke demon!!
Your golden dragon claws the smoke demon.
Your golden dragon tramples the smoke demon!
The smoke demon holds its ground!
The smoke demon gestures at you. Something smites you!
You have mastered Summonings!
You need to enable at least one skill for training.
Your quicksilver dragon breathes dispelling energy at the smoke demon.
The bolt of dispelling energy hits the smoke demon!!!
The smoke demon dies!
There is a gate leading back out of this place here.
You fly up through the gate.
Welcome back to the Depths!
There is a gate to the Realm of Zot here. [a] - 420 gold - haste and heal wounds [b] - 224 gold - might and brilliance [c] - 400 gold - heal wounds, curing and magic Purchase which effect?
You feel yourself speed up.
You feel much better.
There is an open door here.
Things that are here:
a +0 animal skin; a +0 broad axe You see here a +0 hand axe.
There is a stone staircase leading up here.
You fly upwards.
Level annotation: Vv
There is a stone staircase leading down here.
There is an open door here.
There is a stone staircase leading up here.
You fly upwards.
The roar of the dragon horde subsides.
There is a stone staircase leading down here.
Okay, then.
Unknown command.
Your extra speed is starting to run out.
You feel yourself slow down.
You can once more reach out to the dragon horde.
HP restored.
You see here a +0 robe.
Things that are here:
a +1 robe of cold resistance; a +4 demon blade of electrocution
There is a stone staircase leading up, spattered with blood here.
You fly upwards.
A Laapt and an ancient lich come into view.
There is a stone staircase leading down here.
Unknown command.
Press: ? - help, v - describe, . - travel
Here: Laapt The floor.
Unknown command.
Unknown command.
Unknown command.
Unknown command.
The ancient lich shouts!
You fly downwards.
There is a stone staircase leading up, spattered with blood here.
There is a stone staircase leading up here.
You fly upwards.
There is a stone staircase leading down here.
Okay, then.
A Hell Sentinel comes into view.
The Hell Sentinel moves out of view.
A ynoxinul comes into view.
The ynoxinul moves out of view.
Things that are here:
a +0 buckler; a +0 leather armour; a +0 long sword A ynoxinul comes into view.
There is a staircase back to the Dungeon here.
You fly upwards.
Welcome back to the Dungeon!
There is a staircase to the Depths here.
There is an open door here.
Magic restored.
There is an open door here.
There is a stone staircase leading up here.
You fly upwards.
There is a stone staircase leading down here.
Do you want to bribe the denizens of the Dungeon?
Gozag spreads your bribe to the Dungeon!
Unknown command.
There is a stone staircase leading down here.
There is a stone staircase leading up here.
You fly upwards.
There is a stone staircase leading down here.
Your tormentor grins greedily, jangling a coin purse.
A tormentor comes into view.
You can't go up here!
There is an open door here.
There is an open door here.
There is a stone staircase leading up here.
You fly upwards.
There is a stone staircase leading down here.
A shadow demon comes into view.
You can't go up here!
Casting: Enfeeble (mildly dangerous; 3% risk of failure)
Confirm with . or Enter, or press ? or * to list all spells.
Aiming: Enfeeble (mildly dangerous; 3% risk of failure)
Press: ? - help, Shift-Dir - straight line, f - shadow demon
Aim: a shadow demon (will inflict weakness and antimagic, chance to daze and blind: 66%)
The shadow demon partially resists.
The shadow demon is enfeebled!
The shadow demon falters for a moment.
You impale the shadow demon!!
Your tail-slap misses the shadow demon.
The shadow demon is heavily wounded.
Your +9 spectral demon trident hits the shadow demon!
Your tormentor hits the shadow demon.
Your tormentor hits the shadow demon but does no damage.
You catch the helpless shadow demon completely off-guard!
You impale the shadow demon!!
You kill the shadow demon!
No target in view!
(D) Dungeon (T) Temple (L) Lair (S) Swamp (N) Spider Nest (M) Slime Pits (O) Orcish Mines (E) Elven Halls (V) Vaults (C) Crypt (W) Tomb (U) Depths (H) Hell (Z) Zot
Where to? (Enter - D:12 @ (x,y), ? - help)
You hear the wailing of the damned!
You see here a +0 long sword.
Magic restored.
There is a stone staircase leading up here.
You fly upwards.
There is a stone staircase leading down here.
(D) Dungeon (T) Temple (L) Lair (S) Swamp (N) Spider Nest (M) Slime Pits (O) Orcish Mines (E) Elven Halls (V) Vaults (C) Crypt (W) Tomb (U) Depths (H) Hell (Z) Zot
Where to? (Enter - D:11, ? - help)
There is a stone staircase leading up here.
You fly upwards.
There is a stone staircase leading down here.
(D) Dungeon (T) Temple (L) Lair (S) Swamp (N) Spider Nest (M) Slime Pits (O) Orcish Mines (E) Elven Halls (V) Vaults (C) Crypt (W) Tomb (U) Depths (H) Hell (Z) Zot
Where to? (Enter - D:10, ? - help)
Items here: ))) [.
Items here: )) [[.
An orange demon comes into view.
The orange demon screeches!
There is a stone staircase leading up here.
You fly upwards.
There is a stone staircase leading down here.
There is a large open door here.
There is a large open door here.
There is a stone staircase leading up here.
You fly upwards.
There is a stone staircase leading down here.
There is a stone staircase leading up here.
You fly upwards.
There is a stone staircase leading down, spattered with blood here.
Things that are here:
a +0 robe; a +4 short sword of freezing The demonspawn warmonger stares, then turns away, jangling a coin purse.
A demonspawn warmonger comes into view.
It is wielding a +2 vampiric demon trident and wearing a +0 tower shield of reflection.
Casting: Enfeeble (mildly dangerous; 3% risk of failure)
Confirm with . or Enter, or press ? or * to list all spells.
You can't see any susceptible monsters within range! (Use Z to cast anyway.) Unknown command.
The demonspawn warmonger moves out of view.
Unknown command.
There is an open door here.
A hell beast comes into view.
You can't go up here!
Casting: Enfeeble (mildly dangerous; 3% risk of failure)
Confirm with . or Enter, or press ? or * to list all spells.
Aiming: Enfeeble (mildly dangerous; 3% risk of failure)
Press: ? - help, Shift-Dir - straight line, f - hell beast
Aim: a hell beast (will inflict weakness, chance to daze and blind: 99%)
The hell beast is enfeebled!
The hell beast is lost in a daze. x2
The hell beast is lost in a daze.
The hell beast is lost in a daze.
There is a stone staircase leading up, spattered with blood here.
The hell beast is lost in a daze. x2
You fly upwards.
There is a stone staircase leading down here.
You see here a +0 whip.
The Orb Guardian stares, then turns away, jangling a coin purse.
An Orb Guardian comes into view.
You can't go up here!
There is an escape hatch in the ceiling here.
A mysterious force pulls you upwards. The hatch slams shut behind you.
Magic restored.
There is an open door here.
Your Brimstone Fiend grins greedily, jangling a coin purse.
A Brimstone Fiend comes into view.
There is a stone staircase leading up here.
You fly upwards.
There is a stone staircase leading down here.
You swap places.
Your Orb Guardian grins greedily, jangling a coin purse.
An Orb Guardian comes into view.
There is a stone staircase leading up here.
You fly upwards.
There is a stone staircase leading down here.
There is a stone staircase leading up here.
You fly upwards.
There is a stone staircase leading down here.
You swap places.
There is a stone staircase leading up here.
You fly upwards.
There is a stone staircase leading down here.
You reach down and open the door.
There is an open door here.
There is a staircase leading out of the dungeon here.
You can't go down here!
Unknown command.
You have escaped!

#########
........##########
#######..'≈~~P≈#@#
#.##.P~P~#1#
#.##≈.≈≈~#.#
#.##.~....~#
#.##≈.P~.PP#
#..#.~P≈~~P#
##.'.~P≈P.~#
###########


You could see a friendly Brimstone Fiend.

Vanquished Creatures
  A dread lich (Zot:5)
  Tiamat (Zot:3)
  An orb of fire (Zot:5)
  Mara (Depths:2)
  2 ancient liches
  4 golden dragons
  A caustic shrike (Depths:2)
  An electric golem (Zot:5)
  A walking crystal tome (Depths:3)
  5 tentacled monstrosities
  10 Orb Guardians
  3 liches
  A walking divine tome (Depths:3)
  Asterion (Elf:3)
  2 quicksilver dragons
  A titan (Vaults:5)
  A deep elf master archer (Elf:3)
  3 death cobs
  6 sphinxes
  An eldritch tentacle (Vaults:1)
  An ancient champion (Crypt:1)
  4 tengu reavers
  Kirke (Spider:3)
  2 shadow dragons
  9 storm dragons
  An orc warlord (Vaults:3)
  2 draconian monks
  3 frost giants (Depths:3)
  An iron dragon (Vaults:5)
  A draconian knight (Depths:4)
  8 vault wardens
  A juggernaut zombie (Crypt:2)
  2 draconian scorchers
  5 deep elf sorcerers
  2 ghost moths (Spider:4)
  2 draconian annihilators
  A deep elf elementalist (Elf:3)
  7 ironbound preservers
  5 war gargoyles
  3 draconian stormcallers
  5 stone giants
  A broodmother (Spider:3)
  7 very ugly things
  10 green draconians
  3 vampire knights
  2 deep elf demonologists
  5 yellow draconians
  3 deep elf annihilators (Elf:3)
  A lorocyproca (Depths:1)
  2 black draconians
  6 white draconians
  An entropy weaver (shapeshifter) (Depths:2)
  An entropy weaver (Vaults:1)
  A bunyip (Swamp:4)
  3 purple draconians
  10 dire elephants
  3 deep elf death magi
  19 red draconians
  An ettin (Depths:3)
  An iron golem (Depths:1)
  2 fire dragons (Depths:4)
  3 jiangshi
  3 yaktaur captains
  3 great orbs of eyes
  3 deep elf high priests
  2 boulder beetles
  2 ice dragons
  11 hydras
  A spriggan zombie (Crypt:3)
  16 vault guards
  3 centaur warriors
  A spriggan air mage (Depths:2)
  2 ghost crabs
  7 ironbound frosthearts
  2 jorogumos (Spider:4)
  A spriggan skeleton (Crypt:3)
  A two-headed ogre (shapeshifter) (Vaults:5)
  17 dancing weapons
  3 two-headed ogres
  2 alligators (shapeshifter)
  A death yak (shapeshifter) (Depths:2)
  2 deep troll earth magi
  A death scarab (Spider:4)
  2 deep troll shamans (Depths:3)
  5 tengu warriors
  4 vampire magi
  2 hell knights
  4 spriggan berserkers
  6 deep elf knights
  An orc high priest (Elf:1)
  A soul eater (Crypt:2)
  2 iron trolls (Depths:3)
  A sixfirhy (Depths:1)
  A pharaoh ant (Spider:2)
  A sun moth (Spider:3)
  A shadow wraith (Vaults:5)
  A storm dragon skeleton (Crypt:3)
  2 spriggan druids
  7 bog bodies
  8 skeletal warriors
  8 swamp dragons
  2 steelbarb worms
  A golden dragon zombie (Crypt:3)
  4 ironbound convokers
  3 orb spiders
  4 glowing orange brains
  A shadow demon (D:12)
  3 obsidian statues (Depths:2)
  9 deep trolls
  7 deep elf archers
  7 wizards
  2 spectral jorogumos (Spider:4)
  4 harpies (Vaults:1)
  An anaconda skeleton (Crypt:3)
  4 phantasmal warriors (Vaults:5)
  3 lindwurms (Vaults:1)
  10 deep elf pyromancers
  3 orc knights
  2 wolf spider zombies (Spider:4)
  2 necromancers (Crypt:3)
  13 deep elf zephyrmancers
  A shadow dragon skeleton (Crypt:3)
  12 ugly things
  A cyclops (D:13)
  10 wolf spiders
  2 manticores (D:15)
  2 stone giant zombies
  A manticore (shapeshifter) (Vaults:5)
  2 will-o-the-wisps
  18 moths of wrath
  A stone giant skeleton (Vaults:1)
  2 worldbinders (Vaults:1)
  A black mamba (Lair:2)
  A rust devil (Zot:1)
  A frost giant skeleton (Crypt:2)
  A guardian serpent (shapeshifter) (Depths:2)
  A smoke demon (Depths:3)
  2 torpor snails (Spider:2)
  18 vault sentinels
  A dire elephant zombie (Crypt:3)
  An elephant (Lair:4)
  4 cane toads
  4 rime drakes
  3 efreet
  A demonic crawler (Spider:3)
  2 freezing wraiths
  15 yaktaurs
  5 komodo dragons
  A tengu conjurer (Depths:4)
  2 redback zombies (Spider:4)
  2 red devils (Depths:3)
  2 hellwings
  4 meliai
  A troll (shapeshifter) (D:14)
  A troll (D:12)
  A harpy zombie (Crypt:1)
  11 tarantellas
  A spectral jumping spider (Spider:4)
  2 tyrant leeches
  5 hornets
  4 polar bears
  A blink frog (Vaults:1)
  40 nameless horrors
  A culicivora zombie (Spider:4)
  12 slime creatures
  A tarantella zombie (Spider:4)
  3 dream sheep
  2 raiju (Depths:2)
  10 jumping spiders
  10 culicivoras
  17 yaks
  2 wraiths
  A shadow (D:9)
  2 air elementals (Depths:2)
  11 flying skulls
  A vampire (D:11)
  4 spriggans (Lair:5)
  3 water elementals
  27 fire elementals
  A wyvern (Lair:2)
  2 fire bats (Depths:3)
  A hog (Spider:3)
  A hog (shapeshifter) (Vaults:5)
  A basilisk (Lair:2)
  A yak (shapeshifter) (Vaults:5)
  24 redbacks
  4 wargs
  3 vampire mosquitoes
  An acid dragon (D:11)
  2 spatial vortices (Vaults:1)
  9 swamp worms
  A fire bat zombie (Crypt:2)
  A merfolk skeleton (Crypt:1)
  8 water moccasins
  A floating eye (Depths:3)
  12 orc warriors
  7 swamp drakes
  A human zombie (Vaults:1)
  4 ogres
  4 boggarts
  12 wolves
  9 centaurs
  2 phantoms
  7 bullfrogs
  A kobold brigand (D:9)
  A bullfrog (shapeshifter) (Vaults:5)
  8 necrophages
  A gnoll sergeant (D:10)
  A scorpion (D:7)
  6 earth elementals (Depths:2)
  3 wights
  9 killer bees
  A water moccasin skeleton (Crypt:1)
  2 electric eels (Elf:3)
  A howler monkey (D:9)
  A centaur zombie (Crypt:1)
  A crimson imp (Orc:1)
  5 hounds
  A jelly (D:5)
  7 orc priests
  An iron imp (Orc:1)
  An iguana (D:7)
  5 orc wizards
  Natasha (D:3)
  Robin (D:3)
  9 adders
  10 gnolls
  A shadow imp (D:5)
  2 white imps
  An ufetubus (D:6)
  A worm (D:2)
  2 dart slugs
  44 orcs
  3 bats
  3 endoplasms
  2 giant cockroaches
  14 goblins
  4 hobgoblins
  5 jackals
  9 ball pythons
  2 frilled lizards
  A frilled lizard skeleton (Crypt:2)
  A giant cockroach zombie (Crypt:2)
  11 kobolds
  A kobold zombie (Crypt:2)
  7 rats
  3 ball lightnings (Depths:2)
  2 briar patches (Swamp:2)
  5 bushes (Zot:2)
1042 creatures vanquished.

Vanquished Creatures (collateral kills)
  A dread lich (Zot:5)
  3 orbs of fire
  Boris (Depths:3)
  the Lernaean hydra (Swamp:4)
  4 Killer Klowns (Zot:5)
  3 caustic shrikes (Depths:3)
  Nikola (Swamp:1)
  4 golden dragons
  A bone dragon (Crypt:3)
  An electric golem (Zot:1)
  Zenata (Elf:3)
  4 liches
  6 tentacled monstrosities
  Jorgrun (Swamp:2)
  11 Orb Guardians
  A deep elf blademaster (Elf:3)
  3 deep elf master archers (Elf:3)
  4 titans (Vaults:5)
  A thorn hunter (Swamp:2)
  3 sphinxes
  An acid blob (shapeshifter) (Depths:2)
  2 ancient champions
  2 storm dragons
  A death cob (Zot:1)
  Agnes (D:14)
  A draconian monk (Zot:1)
  4 tengu reavers
  8 shadow dragons
  Donald (Swamp:2)
  A fire giant (Depths:3)
  A frost giant (shapeshifter) (Depths:2)
  2 iron dragons
  4 frost giants
  7 emperor scorpions
  9 vault wardens
  Louise (Spider:4)
  A draconian scorcher (Zot:3)
  An orc warlord (Vaults:1)
  A draconian knight (Zot:1)
  6 ironbound preservers
  A ghost moth (Zot:5)
  3 ghouls (Crypt:2)
  A spectral juggernaut (Depths:3)
  A draconian stormcaller (Zot:5)
  A draconian annihilator (Zot:1)
  6 war gargoyles
  A juggernaut skeleton (Crypt:2)
  13 very ugly things
  A deep elf demonologist (Elf:3)
  3 stone giants
  A green draconian (Zot:3)
  4 ironbound thunderhulks
  5 vampire knights
  An eleionoma (shapeshifter) (Depths:2)
  An eleionoma (Swamp:4)
  A white draconian (Zot:5)
  4 purple draconians
  12 dire elephants
  A red draconian (Zot:5)
  2 deep elf annihilators (Elf:3)
  Azrael (Spider:1)
  3 entropy weavers
  2 bunyips
  An eidolon (Crypt:2)
  4 fire dragons
  A spark wasp (shapeshifter) (Depths:2)
  4 ettins
  6 deep elf death magi
  2 shambling mangroves
  2 blizzard demons
  A merfolk impaler (Depths:3)
  3 crystal guardians (Crypt:3)
  2 great orbs of eyes
  6 yaktaur captains
  Josephine (D:11)
  Harold (D:10)
  5 deep elf high priests
  6 ice dragons
  12 vault guards
  A quicksilver dragon skeleton (Crypt:1)
  A rakshasa (Depths:3)
  3 boulder beetles
  A spriggan air mage (Depths:2)
  6 hydras
  An ogre mage (Vaults:5)
  A ghost crab (Swamp:3)
  A catoblepas (D:13)
  A death knight (D:14)
  3 radroaches
  A spriggan skeleton (Crypt:3)
  6 two-headed ogres
  2 ironbound frosthearts
  5 centaur warriors
  15 dancing weapons
  6 death scarabs (Spider:4)
  2 vampire magi
  A deep troll shaman (Depths:2)
  5 alligators
  2 deep troll earth magi
  An orc high priest (Orc:2)
  3 deep elf knights
  2 tengu warriors (D:14)
  2 titan zombies (Crypt:3)
  A soul eater (Crypt:1)
  3 sun demons (Depths:3)
  5 hell knights (Crypt:3)
  11 skeletal warriors
  3 sun moths
  A golden dragon zombie (Crypt:3)
  11 pharaoh ants
  3 goliath frogs
  25 deep trolls
  4 iron trolls
  A sea snake (shapeshifter) (Depths:3)
  4 steelbarb worms
  A spriggan druid (Swamp:2)
  An orb spider (Spider:2)
  8 deep elf archers
  2 flayed ghosts
  5 glowing orange brains (Depths:2)
  An obsidian statue (Depths:2)
  4 phantasmal warriors
  5 ironbound convokers
  7 bog bodies
  6 swamp dragons
  A sphinx zombie (Vaults:1)
  5 harpies (Vaults:1)
  9 deep elf pyromancers
  8 necromancers
  3 wizards
  24 wolf spiders
  A lindwurm (shapeshifter) (Vaults:5)
  A wolf spider zombie (Spider:4)
  12 deep elf zephyrmancers
  5 lindwurms (Vaults:1)
  2 spectral wolf spiders (Spider:4)
  7 orc knights
  An orc sorcerer (Orc:2)
  A cyclops (D:13)
  16 oklob plants
  A will-o-the-wisp (Swamp:4)
  5 moths of wrath
  A manticore (D:13)
  4 black mambas
  A rust devil (Depths:1)
  24 ugly things
  An alligator snapping turtle zombie (Crypt:1)
  A naga mage (Vaults:1)
  A water nymph (shapeshifter) (Depths:2)
  A naga zombie (Crypt:1)
  3 torpor snails
  11 vault sentinels
  A cane toad (shapeshifter) (Depths:2)
  5 elephants (Lair:4)
  2 molten gargoyles (Depths:2)
  2 smoke demons
  A gargoyle (D:13)
  6 cane toads
  8 komodo dragons
  A demonic crawler (Spider:1)
  An orc skeleton (Crypt:1)
  An efreet (D:14)
  A sea snake zombie (Crypt:1)
  4 rime drakes
  An ice devil (Depths:3)
  14 yaktaurs
  4 freezing wraiths
  5 spectral redbacks (Spider:4)
  A red devil (Depths:1)
  2 tengu conjurers (D:14)
  6 meliai
  2 trolls
  A tyrant leech (shapeshifter) (Depths:2)
  5 polar bears
  A queen bee (Spider:1)
  2 spectral jumping spiders (Spider:4)
  2 wind drakes (Depths:2)
  2 spectral culicivoras (Spider:4)
  22 tarantellas
  A spectral tarantella (Spider:4)
  7 tyrant leeches
  A culicivora zombie (Crypt:1)
  9 hornets
  15 slime creatures
  A jumping spider zombie (Spider:4)
  16 dream sheep
  3 blink frogs (Vaults:1)
  29 flying skulls
  4 air elementals
  12 culicivoras
  23 yaks
  13 spriggans
  21 jumping spiders
  4 water elementals
  3 hogs
  A wyvern (Lair:2)
  9 fire elementals
  4 basilisks
  A hog (shapeshifter) (Depths:2)
  5 vampire mosquitoes
  A neqoxec (Depths:3)
  6 wraiths
  34 redbacks
  2 chaos spawn (Depths:3)
  A warg (Orc:1)
  12 swamp worms
  7 water moccasins
  5 swamp drakes
  A naga skeleton (Crypt:3)
  31 orc warriors
  2 black bears (Lair:5)
  3 ogres
  3 boggarts
  27 wolves
  8 centaurs
  A phantom (D:7)
  2 kobold brigands
  3 nameless horrors
  5 earth elementals
  4 bullfrogs
  4 necrophages
  A scorpion (D:5)
  An elf skeleton (Crypt:1)
  A wight (D:8)
  A troll zombie (Crypt:1)
  13 killer bees
  2 electric eels
  2 howler monkeys (D:12)
  4 lava snakes (Lair:4)
  A hound (D:6)
  14 orc priests
  A gnoll bouda (Orc:1)
  An iguana (D:4)
  Natasha (D:3)
  14 orc wizards
  A killer bee zombie (Crypt:2)
  11 gnolls
  3 adders
  A shadow imp (Orc:1)
  An adder skeleton (Crypt:1)
  46 orcs
  A giant cockroach (D:2)
  2 hobgoblins
  A quokka (D:4)
  2 ball pythons (D:2)
  3 goblins (D:3)
  8 kobolds
  2 rats (D:2)
  6 bushes (Zot:2)
  A plant (Zot:2)
1163 creatures vanquished.

Vanquished Creatures (others)
  An ancient lich (Zot:5)
  An Orb Guardian (Zot:5)
  A deep elf master archer (Elf:3)
  9 eldritch tentacles
  An emperor scorpion (Spider:4)
  A ghost moth (Zot:5)
  A deep elf elementalist (Elf:3)
  A draconian annihilator (Zot:5)
  A white draconian (Zot:5)
  A purple draconian (Zot:5)
  2 red draconians
  A deep elf death mage (Elf:3)
  A jorogumo (Spider:1)
  3 hydras
  2 boulder beetles
  An ogre mage (D:15)
  A centaur warrior (D:14)
  A death knight (Crypt:1)
  A skeletal warrior (D:14)
  A spriggan (Lair:5)
  An orb spider (shapeshifter) (Depths:2)
  Pikel (D:7)
  A deep troll (Vaults:3)
  A deep elf zephyrmancer (Elf:2)
  2 deep elf pyromancers
  An orc knight (Orc:2)
  2 oklob plants
  2 manticores (D:14)
  2 moths of wrath (Zot:5)
  Maggie (D:6)
  A cane toad (Lair:5)
  A gargoyle (D:10)
  A tormentor (D:12)
  A komodo dragon (D:12)
  2 trolls (D:11)
  A bloated husk (Swamp:1)
  3 meliai
  A hornet (Lair:5)
  A tyrant leech (Swamp:1)
  A slime creature (D:13)
  2 tarantellas
  A raiju (Depths:2)
  A jumping spider (Spider:3)
  A shadow (D:9)
  A water elemental (Depths:2)
  A wraith (D:11)
  11 yaks
  2 redbacks
  5 vampire mosquitoes
  3 acid dragons
  4 orc warriors
  A boggart (Vaults:1)
  An ogre (Orc:1)
  A centaur (Orc:2)
  A lemure (D:7)
  2 gnoll sergeants
  4 wights (D:8)
  3 electric eels (Lair:4)
  An orc priest (D:9)
  3 orc wizards
  2 gnolls
  An orc (Orc:1)
  5 ball lightnings (Depths:2)
  2 bushes (Lair:3)
  2 foxfires (Swamp:2)
  50 fungi
  68 plants
  2 withered plants (Swamp:3)
240 creatures vanquished.

Grand Total: 2445 creatures vanquished

Notes
Turn   | Place    | Note
-------+----------+-------------------------------------------
     0 | D:1      | sleeves the Palentonga Summoner began the quest for the
                  | Orb.
     0 | D:1      | Reached XP level 1. HP: 13/13 MP: 3/3
   480 | D:1      | Found a faded altar of an unknown god.
   484 | D:1      | Reached XP level 2. HP: 20/20 MP: 5/5
   893 | D:2      | Reached skill level 4 in Summonings
  1005 | D:2      | Reached XP level 3. HP: 15/25 MP: 3/6
  1047 | D:3      | HP: 12/25 [adder (1)]
  1447 | D:3      | Learned a level 2 spell: Call Imp
  1563 | D:2      | Reached XP level 4. HP: 32/32 MP: 5/7
  1886 | D:2      | HP: 16/32 [gnoll/+0 halberd (6)]
  2076 | D:2      | Reached skill level 5 in Summonings
  2132 | D:2      | Learned a level 3 spell: Call Canine Familiar
  2442 | D:3      | Identified the -2 helmet of the Orb Guardian {-Cast Harm
                  | rC+ Str+5}
  2442 | D:3      | Noticed Robin
  2490 | D:3      | Killed Robin
  2608 | D:3      | Noticed Natasha
  2616 | D:3      | Reached XP level 5. HP: 38/38 MP: 5/8
  2618 | D:3      | Killed Natasha
  2619 | D:3      | Reached skill level 1 in Fighting
  2619 | D:3      | Reached skill level 1 in Polearms
  2713 | D:3      | Noticed a phantom
  2721 | D:3      | Killed a phantom
  2827 | D:3      | Noticed Natasha
  2835 | D:3      | Killed Natasha
  2836 | D:3      | Reached skill level 2 in Fighting
  2937 | D:3      | Reached XP level 6. HP: 42/47 MP: 5/9
  3178 | D:4      | Found a staircase to the Ecumenical Temple.
  3195 | Temple   | Entered the Ecumenical Temple
  3395 | Temple   | Became a worshipper of Gozag Ym Sagoz the Greedy
  3453 | D:4      | Reached skill level 2 in Polearms
  3969 | D:5      | Entered Level 5 of the Dungeon
  4034 | D:5      | Found Osiutus's Book Emporium.
  4081 | D:5      | Reached skill level 3 in Fighting
  4176 | D:5      | Gained mutation: You curl defensively after being hit. (AC
                  | +7*) [Palentonga growth]
  4176 | D:5      | Reached XP level 7. HP: 55/55 MP: 7/10
  4187 | D:4      | HP: 25/55 [killer bee (7)]
  4406 | D:4      | Learned a level 3 spell: Summon Guardian Golem
  4494 | D:5      | Reached skill level 3 in Polearms
  4644 | D:5      | Reached skill level 6 in Summonings
  4723 | D:5      | HP: 27/55 [shadow imp/nerve-wracking pain (8)]
  4728 | D:5      | HP: 24/56 [poisoned by a killer bee]
  4929 | D:5      | HP: 27/56 [poisoned by a killer bee]
  4933 | D:4      | HP: 12/56 [poisoned by a killer bee]
  4938 | D:4      | HP: 7/56 [poisoned by a killer bee]
  5339 | D:5      | Reached skill level 4 in Fighting
  5451 | D:5      | HP: 28/57 [poisoned by a killer bee]
  5808 | D:5      | Reached skill level 4 in Polearms
  5808 | D:5      | Reached XP level 8. HP: 62/65 MP: 7/11
  6587 | D:6      | Found a glowing silver altar of Zin.
  6588 | D:6      | Noticed an angel
  6816 | D:6      | Noticed Maggie
  6830 | D:6      | Killed Maggie
  6831 | D:6      | Reached skill level 5 in Fighting
  7107 | D:7      | Noticed a cyan ugly thing
  7456 | D:7      | Reached skill level 5 in Polearms
  7483 | D:7      | Killed a cyan ugly thing
  7484 | D:7      | Reached skill level 6 in Fighting
  7484 | D:7      | Reached skill level 7 in Summonings
  7670 | D:7      | Reached XP level 9. HP: 68/73 MP: 6/12
  7738 | D:7      | Noticed Pikel
  7748 | D:7      | Killed Pikel
  7749 | D:7      | Reached skill level 6 in Polearms
  8128 | D:7      | Reached skill level 7 in Fighting
  8567 | D:8      | Reached skill level 8 in Summonings
  9428 | D:8      | HP: 28/78 [electric eel/bolt of electricity (15)]
  9709 | D:8      | Found Wiuceriv's Vocational Training.
  9816 | D:8      | Reached skill level 7 in Polearms
 10174 | D:8      | Found a snail-covered altar of Cheibriados.
 10174 | D:8      | Found a burning altar of Makhleb.
 10309 | D:8      | Reached XP level 10. HP: 71/85 MP: 9/13
 10464 | D:5      | Bought a manual of Summonings for 800 gold pieces
 10689 | D:9      | Found Pezeixoa's Elemental Accessories.
 10702 | D:9      | Learned a level 4 spell: Summon Lightning Spire
 10758 | D:9      | HP: 39/85 [orc priest/divine providence (13)]
 10779 | D:9      | Reached skill level 8 in Fighting
 11791 | D:10     | Entered Level 10 of the Dungeon
 11791 | D:10     | Noticed a gargoyle
 11938 | D:10     | Reached skill level 9 in Summonings
 12009 | D:10     | Noticed Harold
 12030 | D:10     | Killed Harold
 12371 | D:10     | Reached skill level 3 in Spellcasting
 12460 | D:10     | Killed a gargoyle
 12611 | D:10     | Reached skill level 8 in Polearms
 12624 | D:10     | Reached skill level 9 in Fighting
 12758 | D:10     | Reached skill level 10 in Summonings
 12865 | D:10     | Identified the +2 pair of gloves of Nihilism {Regen+}
 12903 | D:10     | Found a stormy altar of Qazlal.
 13390 | D:11     | Reached skill level 4 in Spellcasting
 13394 | D:11     | Reached XP level 11. HP: 95/95 MP: 7/17
 13492 | D:11     | Found a staircase to the Orcish Mines.
 13880 | D:11     | Noticed Josephine
 13892 | D:11     | Killed Josephine
 13893 | D:11     | Reached skill level 5 in Spellcasting
 14002 | D:11     | Noticed a two-headed ogre
 14005 | D:11     | Noticed a white ugly thing
 14009 | D:11     | Killed a two-headed ogre
 14010 | D:11     | Reached skill level 9 in Polearms
 14011 | D:11     | Killed a white ugly thing
 14012 | D:11     | Reached skill level 11 in Summonings
 14222 | D:11     | Reached skill level 10 in Fighting
 14400 | D:11     | Noticed an eight-headed hydra
 14411 | D:11     | Killed an eight-headed hydra
 14569 | D:11     | Found a staircase to the Lair.
 14776 | D:12     | Noticed a deep elf pyromancer
 14987 | D:12     | Found Wiobiala's Neck Hole.
 15098 | D:12     | Killed a deep elf pyromancer
 15099 | D:12     | Reached skill level 6 in Spellcasting
 15369 | D:12     | Noticed a two-headed ogre
 15377 | D:12     | Killed a two-headed ogre
 15378 | D:12     | Reached XP level 12. HP: 104/104 MP: 9/21
 15752 | D:12     | Learned a level 6 spell: Summon Cactus Giant
 15766 | D:12     | Noticed a two-headed ogre
 15795 | D:12     | Killed a two-headed ogre
 15928 | D:12     | Found Semiahorch's Distillery.
 15936 | D:12     | Bought a potion of heal wounds for 75 gold pieces
 15936 | D:12     | Bought a potion of mutation for 120 gold pieces
 16065 | Lair:1   | Entered Level 1 of the Lair of Beasts
 16205 | Lair:1   | Reached skill level 12 in Summonings
 16301 | Lair:1   | Reached skill level 10 in Polearms
 16343 | Lair:1   | Reached skill level 11 in Fighting
 16580 | Lair:1   | Reached skill level 7 in Spellcasting
 16832 | Lair:1   | Noticed a five-headed hydra
 16840 | Lair:1   | Killed a five-headed hydra
 17083 | Lair:1   | Noticed a seven-headed hydra
 17093 | Lair:1   | Killed a seven-headed hydra
 17639 | Lair:1   | HP: 51/107 [black mamba (10)]
 17642 | Lair:1   | Reached skill level 13 in Summonings
 17643 | Lair:1   | HP: 24/107 [poisoned by a black mamba]
 17648 | Lair:1   | HP: 13/107 [poisoned by a black mamba]
 17653 | Lair:1   | HP: 12/107 [poisoned by a black mamba]
 18096 | Lair:2   | Identified the +1 ring mail of Qazlal's Benevolence {Drain
                  | rF+ Int+4 Dex+4}
 18112 | Lair:2   | Found a staircase to the Swamp.
 18366 | Lair:2   | Reached XP level 13. HP: 108/114 MP: 15/24
 18557 | Lair:2   | Reached skill level 8 in Spellcasting
 19718 | Lair:3   | Found a stormy altar of Qazlal.
 19842 | Lair:3   | Reached skill level 12 in Fighting
 19842 | Lair:3   | Reached skill level 11 in Polearms
 20496 | Lair:3   | Found a hole to the Spider Nest.
 20886 | Lair:4   | Identified the +1 flail of Law {vorpal, rPois}
 21569 | Lair:4   | Reached skill level 14 in Summonings
 22181 | Lair:4   | Found a viscous altar of Jiyva.
 22205 | Lair:4   | Reached skill level 9 in Spellcasting
 22370 | Lair:4   | Found a staircase to the Slime Pits.
 22625 | Lair:5   | Entered Level 5 of the Lair of Beasts
 23363 | Lair:5   | Reached XP level 14. HP: 124/124 MP: 16/27
 23636 | Lair:5   | Reached skill level 13 in Fighting
 23926 | Lair:5   | Reached skill level 12 in Polearms
 24253 | Lair:5   | Identified the +2 robe "Xuchec" {MP+9}
 24370 | Lair:5   | HP: 63/126 [poisoned by a cane toad]
 24375 | Lair:5   | HP: 61/126 [poisoned by a cane toad]
 24681 | Lair:5   | Reached skill level 10 in Spellcasting
 25590 | D:13     | Reached skill level 15 in Summonings
 25662 | D:13     | You fall into a shaft and drop 1 floor!
 25675 | D:14     | Found a gate to the Vaults.
 25822 | D:14     | Found an ancient bone altar of Kikubaaqudgha.
 26775 | D:14     | Noticed Agnes
 26782 | D:14     | Killed Agnes
 27133 | D:14     | HP: 55/127 [meliai/divine providence (17)]
 27230 | D:14     | Reached skill level 14 in Fighting
 27404 | D:14     | Reached skill level 13 in Polearms
 27421 | D:14     | HP: 56/128 [efreet/fireball (18)]
 27425 | D:14     | HP: 25/128 [boulder beetle (11)]
 27432 | D:14     | HP: 27/128 [centaur warrior/arrow (19)]
 27801 | D:14     | Reached XP level 15. HP: 131/134 MP: 16/29
 28285 | D:15     | Entered Level 15 of the Dungeon
 28409 | Orc:1    | Entered Level 1 of the Orcish Mines
 28900 | Orc:1    | Identified the +0 hat "Veuntip" {rF- Regen+ SInv}
 29238 | Orc:1    | Found Naypin's Jewellery Shop.
 29525 | Orc:2    | Entered Level 2 of the Orcish Mines
 30367 | Orc:2    | HP: 53/135 [themself (25)]
 30873 | Orc:2    | HP: 65/135 [centaur warrior/arrow (17)]
 30881 | Orc:2    | HP: 66/135 [centaur warrior/arrow (7)]
 31121 | Orc:2    | HP: 64/135 [orc knight/bolt (12)]
 31127 | Orc:2    | HP: 62/135 [orc knight/bolt (8)]
 31453 | Orc:2    | Found Fetor's Armour Emporium.
 31727 | Orc:2    | Found Akhlup's Antique Weapon Shoppe.
 31727 | Orc:2    | Found Iczosuha's General Store.
 31729 | Orc:2    | Found Taduxoan's Antique Armour Boutique.
 31731 | Orc:2    | Found Qoxaesu's Antique Weapon Emporium.
 31743 | Orc:2    | Bought a sapphire halberd for 180 gold pieces
 31743 | Orc:2    | Identified the +7 halberd "Meolifru" {holy, rElec} (You
                  | bought it in a shop on level 2 of the Orcish Mines)
 31747 | Orc:2    | Bought an ancient glaive for 299 gold pieces
 31747 | Orc:2    | Identified the +9 glaive of Callousness {drain, rC+} (You
                  | bought it in a shop on level 2 of the Orcish Mines)
 31799 | Orc:2    | Found a staircase to the Elven Halls.
 32060 | Spider:1 | Entered Level 1 of the Spider Nest
 32134 | Spider:1 | HP: 65/135 [wolf spider (6)]
 32140 | Spider:1 | HP: 40/135 [steelbarb worm (11)]
 32381 | Spider:1 | Noticed an emperor scorpion
 32399 | Spider:1 | Killed an emperor scorpion
 32400 | Spider:1 | Reached skill level 15 in Fighting
 32649 | Spider:1 | Found a runed translucent door.
 32653 | Spider:1 | Identified 2 scrolls of acquirement
 32654 | Spider:1 | Acquired the +0 barding of a Labyrinth {Contam rF++ Will+
                  | Dex+4}
 32742 | Spider:1 | Reached skill level 16 in Summonings
 32837 | Spider:1 | Noticed Azrael
 32870 | Spider:1 | Reached skill level 14 in Polearms
 32883 | Spider:1 | Killed Azrael
 33156 | Spider:1 | HP: 63/138 [wolf spider (8)]
 33161 | Spider:1 | HP: 55/138 [poisoned by a wolf spider]
 33166 | Spider:1 | HP: 58/138 [poisoned by a wolf spider]
 33946 | D:5      | Bought a book of Blood for 280 gold pieces
 33954 | D:5      | Learned a level 7 spell: Summon Hydra
 33962 | D:5      | Learned a level 7 spell: Enfeeble
 34273 | Spider:2 | HP: 68/138 [meliai/+0 war axe (2)]
 34415 | Spider:1 | HP: 69/138 [tarantella (11)]
 34419 | Spider:1 | Reached skill level 1 in Hexes
 34748 | Spider:2 | Reached skill level 2 in Hexes
 34948 | Spider:2 | Noticed an emperor scorpion
 35015 | Spider:2 | Noticed Leon's ghost (adept DsFi)
 35051 | Spider:2 | HP: 48/138 [radroach (32)]
 35053 | Spider:2 | HP: 17/138 [radroach (34)]
 35066 | Spider:2 | Gained mutation: You occasionally lose the ability to drink
                  | potions when taking damage. [mutagenic glow]
 35075 | Spider:2 | Gained mutation: You occasionally lose the ability to read
                  | scrolls when taking damage. [mutagenic glow]
 35126 | Spider:2 | Lost mutation: You occasionally lose the ability to read
                  | scrolls when taking damage. [potion of mutation]
 35126 | Spider:2 | Lost mutation: You occasionally lose the ability to drink
                  | potions when taking damage. [potion of mutation]
 35126 | Spider:2 | Gained mutation: Your body sometimes deteriorates upon
                  | taking damage. [potion of mutation]
 35126 | Spider:2 | Gained mutation: Your spells are a little harder to cast,
                  | but a little more powerful. [potion of mutation]
 35227 | Spider:2 | Reached skill level 3 in Hexes
 35677 | Spider:2 | Reached XP level 16. HP: 110/145 MP: 3/30
 35868 | Spider:2 | Found a runed translucent gate.
 35869 | Spider:2 | Found a runed translucent gate.
 35870 | Spider:2 | Found a runed translucent gate.
 36435 | Spider:3 | Reached skill level 4 in Hexes
 36625 | Spider:3 | HP: 72/145 [culicivora simulacrum (11)]
 36810 | Spider:3 | Reached skill level 5 in Hexes
 36823 | Spider:3 | Reached skill level 17 in Summonings
 37137 | Spider:3 | Noticed mantisjm's ghost (adept VSNe)
 37165 | Spider:3 | Found a transporter.
 37167 | Spider:3 | Noticed Arachne
 37171 | Spider:3 | Found a transporter.
 37680 | Spider:2 | HP: 72/145 [poisoned by a redback]
 37688 | Spider:2 | HP: 41/145 [redback (6)]
 37855 | Spider:2 | Reached skill level 6 in Hexes
 37903 | Spider:2 | HP: 67/142 [pharaoh ant (20)]
 37963 | Spider:2 | HP: 70/143 [tarantella (12)]
 38681 | Spider:4 | Entered Level 4 of the Spider Nest
 39053 | Spider:3 | Reached skill level 7 in Hexes
 39275 | Swamp:1  | Entered Level 1 of the Swamp
 39311 | Swamp:1  | Noticed Nikola
 39350 | Lair:2   | sleeves: !won thisyear
 39350 | Lair:2   | beem: No games for thisyear.
 39350 | Lair:2   | sleeves: !won . thisyear
 39350 | Lair:2   | beem: sleeves (thisyear) has won 14 times in 89 games
                  | (15.73%): 1xDjFi 1xDjGl 1xGnAE 1xGnDe 1xGnHu 1xKoTm 1xMeCj
                  | 1xMiEn 1xMuWn 1xNaHW 1xPaDe 1xSpBr 1xTrDe 1xVSAM
 39558 | D:11     | Bought the ring of Cuemarch {rPois rF+ Will+ Str+4} for 912
                  | gold pieces
 39605 | D:11     | Acquired 457 gold pieces
 40024 | Spider:4 | Noticed Kirke
 40293 | Spider:4 | HP: 70/145 [emperor scorpion (9)]
 40298 | Spider:4 | HP: 68/145 [poisoned by an emperor scorpion]
 40303 | Spider:4 | HP: 72/145 [poisoned by an emperor scorpion]
 40899 | Spider:4 | Reached skill level 8 in Hexes
 41717 | Spider:3 | Killed Kirke
 41965 | Spider:4 | Reached skill level 9 in Hexes
 41965 | Spider:4 | Noticed Louise
 42004 | Spider:4 | Killed Louise
 42208 | Spider:4 | HP: 71/145 [poisoned by an emperor scorpion]
 42213 | Spider:4 | HP: 70/145 [poisoned by an emperor scorpion]
 42367 | Spider:4 | Reached skill level 18 in Summonings
 42794 | Spider:4 | Reached XP level 17. HP: 149/150 MP: 22/31
 43158 | Elf:1    | Entered Level 1 of the Elven Halls
 43497 | Elf:1    | Reached skill level 1 in Shields
 43583 | Elf:1    | Reached skill level 2 in Shields
 43754 | Elf:1    | Reached skill level 10 in Hexes
 44344 | Elf:1    | HP: 70/151 [deep elf zephyrmancer/bolt of lightning (14)]
 44347 | Elf:1    | Reached skill level 3 in Shields
 44794 | Elf:1    | Paralysed by an air elemental for 1 turns
 44795 | Elf:1    | HP: 64/151 [+7 battleaxe of freezing (22)]
 44798 | Elf:1    | Paralysed by an air elemental for 1 turns
 45035 | Elf:1    | Identified the +10 shortbow of Xom, Bedazzling {venom,
                  | rPois Will+}
 45163 | Elf:1    | Paralysed by an air elemental for 1 turns
 45219 | Elf:1    | HP: 67/151 [+7 battleaxe of freezing (12)]
 45511 | Elf:2    | Identified the +1 leather armour of the Invisible Shrikes
                  | {Int+4}
 45555 | Elf:2    | Identified the +2 ring mail "Uburchoh" {rF- Will+ rCorr}
 45719 | Elf:2    | Reached skill level 4 in Shields
 45871 | Elf:2    | Found a huge runed translucent gate.
 45871 | Elf:2    | Found a huge runed translucent gate.
 45872 | Elf:2    | Found a huge runed translucent gate.
 45875 | Elf:2    | Found a huge runed translucent gate.
 45878 | Elf:2    | Found a huge runed translucent gate.
 45983 | Elf:2    | Reached skill level 11 in Spellcasting
 46331 | Elf:3    | Entered Level 3 of the Elven Halls
 46349 | Elf:3    | Reached skill level 11 in Hexes
 46598 | Elf:3    | Found Hoduenn's Antique Armour Emporium.
 46601 | Elf:3    | Bought a shimmering robe for 228 gold pieces
 46601 | Elf:3    | Identified the +1 robe of Souttyuf {Harm rElec Will-
                  | Stlth-} (You bought it in a shop on level 3 of the Elven
                  | Halls)
 46698 | Elf:3    | Noticed Asterion
 46706 | Elf:3    | HP: 65/136 [electric eel/bolt of electricity (11)]
 46762 | Elf:3    | Killed Asterion
 46924 | Elf:3    | Noticed a deep elf master archer
 46928 | Elf:3    | Reached skill level 5 in Shields
 46966 | Elf:3    | HP: 65/138 [deep elf archer/arrow (10)]
 46991 | Elf:3    | HP: 67/138 [deep elf master archer/arrow (24)]
 47444 | Elf:3    | HP: 63/146 [deep elf master archer/arrow (23)]
 47446 | Elf:3    | HP: 15/146 [deep elf master archer/arrow (18)]
 47447 | Elf:3    | Killed a deep elf master archer
 47558 | Elf:2    | sleeves: that spell fails way to often for that..
 48284 | D:12     | Bought an amulet of reflection for 510 gold pieces
 48980 | Elf:3    | Paralysed by an air elemental for 1 turns
 48996 | Elf:3    | Identified the +3 lajatang of the Moon {spect, rPois}
 49013 | Elf:3    | Identified the +7 quarterstaff of Slime {spect, rElec rPois
                  | rF- rC+}
 49118 | Elf:3    | Noticed a deep elf master archer
 49133 | Elf:3    | Killed a deep elf master archer
 49373 | Elf:3    | Reached skill level 6 in Shields
 49481 | Elf:3    | Noticed a deep elf master archer
 49486 | Elf:3    | Killed a deep elf master archer
 49576 | Elf:3    | Noticed a deep elf master archer
 49594 | Elf:3    | Reached XP level 18. HP: 153/159 MP: 15/33
 49799 | Elf:3    | Reached skill level 12 in Hexes
 50015 | Elf:3    | Identified the +2 buckler of the Tarantula {Fly rElec rC+}
 50015 | Elf:3    | Identified the +4 troll leather armour "Giosec" {Rampage
                  | Regen+ Dex+3}
 50070 | Elf:3    | Reached skill level 12 in Spellcasting
 50204 | Elf:3    | HP: 68/139 [deep elf death mage/bolt of negative energy
                  | (30)]
 50209 | Elf:3    | HP: 54/139 [poisoned by a deep elf high priest]
 50214 | Elf:3    | HP: 68/139 [poisoned by a deep elf high priest]
 50216 | Elf:3    | HP: 17/130 [ghostly deep elf death mage/bolt of negative
                  | energy (39)]
 50221 | Elf:3    | HP: 39/134 [poisoned by a ghostly deep elf high priest]
 50226 | Elf:3    | HP: 39/136 [poisoned by a ghostly deep elf high priest]
 50440 | Elf:3    | Noticed Zenata
 50448 | Elf:3    | Killed Zenata
 50449 | Elf:3    | Reached skill level 7 in Shields
 50561 | Elf:3    | Identified the +12 flail of Starshine {vamp, Dex+2}
 50828 | Elf:3    | Identified the ring "Hel Ydes" {rElec rC+ Str+6}
 50838 | Elf:3    | Identified the +1 scale mail of Mubilos {+Blink}
 50853 | Elf:3    | Got the Enchiridion on the Shadowy Stinger
 51167 | Swamp:1  | Killed Nikola
 52177 | Swamp:2  | sleeves: i swear this isnt 1% fail
 52440 | Swamp:2  | Noticed Donald
 52440 | Swamp:2  | Noticed Jorgrun
 52454 | Swamp:2  | Killed Donald
 52577 | Swamp:2  | Killed Jorgrun
 52766 | Swamp:2  | Reached skill level 8 in Shields
 53027 | Swamp:2  | Learned a level 4 spell: Passage of Golubria
 53033 | Swamp:2  | Learned a level 5 spell: Summon Mana Viper
 53273 | Swamp:2  | Reached skill level 13 in Hexes
 53504 | Swamp:3  | Identified the +4 short sword "Qileh" {vorpal, Str+3}
 53831 | Swamp:3  | Found a runed translucent gate.
 53831 | Swamp:3  | Found a runed translucent gate.
 53831 | Swamp:3  | Found a runed translucent gate.
 53833 | Swamp:3  | Noticed Zoigrime's ghost (adept FoFi)
 53833 | Swamp:3  | Noticed Axikluogo's ghost (adept MiCA)
 53834 | Swamp:3  | Noticed Amet's ghost (journeyman MiBe)
 53834 | Swamp:3  | Noticed Ykec Esm's ghost (journeyman DrWn)
 54106 | Swamp:4  | Entered Level 4 of the Swamp
 54174 | Swamp:4  | Noticed Roxanne
 54450 | Swamp:4  | Reached skill level 13 in Spellcasting
 55041 | Swamp:4  | Reached skill level 9 in Shields
 55420 | Swamp:4  | Noticed the 27-headed Lernaean hydra
 55426 | Swamp:4  | Killed the 27-headed Lernaean hydra
 55427 | Swamp:4  | Reached skill level 1 in Translocations
 55427 | Swamp:4  | Reached XP level 19. HP: 165/165 MP: 15/36
 55437 | Swamp:4  | Got a decaying rune of Zot
 55957 | Vaults:1 | Entered Level 1 of the Vaults
 56169 | D:8      | Bought a manual of Evocations for 1200 gold pieces
 56364 | Vaults:1 | Reached skill level 2 in Translocations
 56376 | Vaults:1 | Reached skill level 1 in Evocations
 56599 | Vaults:1 | Reached skill level 2 in Evocations
 56736 | Vaults:1 | Reached skill level 14 in Hexes
 56869 | Vaults:1 | Reached skill level 3 in Translocations
 56870 | Vaults:1 | Reached skill level 3 in Evocations
 57020 | Vaults:1 | HP: 55/165 [orc knight/+3 glaive (34)]
 57054 | Vaults:1 | HP: 74/165 [orc knight/+3 glaive (20)]
 57567 | Vaults:1 | Reached skill level 4 in Evocations
 57742 | Vaults:1 | Reached skill level 4 in Translocations
 58158 | Vaults:1 | Reached skill level 5 in Evocations
 58182 | Vaults:1 | Reached skill level 14 in Spellcasting
 58741 | Vaults:1 | Reached skill level 5 in Translocations
 58761 | Vaults:1 | Reached skill level 6 in Evocations
 59021 | Vaults:1 | Got Lom Lobon's Vellum of the Voyage
 59442 | Vaults:1 | HP: 66/165 [snapping turtle[a worldbinder] (19)]
 59571 | Vaults:1 | Got Sif Muna's Parchment of the Legion
 59598 | Vaults:1 | Learned a level 7 spell: Malign Gateway
 60074 | Vaults:2 | You are sucked into a shaft and drop 2 floors!
 60847 | Vaults:2 | Reached skill level 6 in Translocations
 61559 | Vaults:2 | Reached skill level 15 in Hexes
 61580 | Vaults:2 | Reached XP level 20. HP: 153/173 MP: 2/38
 62032 | Vaults:2 | Identified the +7 arbalest of the Immovable Orbs {penet,
                  | rPois rC- Str-5 Int+8}
 62401 | Vaults:3 | Found a staircase to the Crypt.
 62500 | Vaults:3 | Reached skill level 7 in Translocations
 63628 | Vaults:4 | Reached skill level 15 in Spellcasting
 63690 | Vaults:4 | HP: 77/173 [white very ugly thing (13)]
 63912 | Vaults:4 | Found the +7 great mace "Undeadhunter" {disrupt, rN+}
 63954 | Vaults:4 | Reached skill level 8 in Translocations
 65242 | Vaults:4 | Reached skill level 16 in Hexes
 65588 | Vaults:4 | Reached skill level 9 in Translocations
 66074 | D:15     | Reached skill level 19 in Summonings
 66867 | D:15     | Found a staircase to the Depths.
 67063 | D:15     | Reached XP level 21. HP: 179/179 MP: 33/40
 67193 | Depths:1 | Entered Level 1 of the Depths
 67270 | Depths:1 | HP: 88/179 [vampire knight/+0 battleaxe (20)]
 67462 | Depths:1 | Found Ygossu's General Store.
 67470 | Depths:1 | Found a gateway to Hell.
 67472 | Depths:1 | Bought a scroll of blinking for 90 gold pieces
 67741 | Depths:1 | Found a one-way gate leading to the halls of Pandemonium.
 67991 | Depths:1 | Found a corrupted altar of Lugonu.
 68187 | Depths:1 | Reached skill level 10 in Translocations
 68488 | Depths:2 | HP: 89/179 [iron golem (10)]
 68963 | Depths:2 | Paralysed by an air elemental for 1 turns
 69417 | Depths:2 | Reached skill level 17 in Hexes
 69669 | Depths:2 | Noticed Mara
 69691 | Depths:2 | Noticed sleeves's illusion
 69761 | Depths:2 | Killed Mara
 70103 | Depths:2 | Identified the amulet of Odwemuna {RegenMP rF+ MP+9 SInv}
 70362 | Depths:2 | Paralysed by an air elemental for 1 turns
 70409 | Depths:2 | Paralysed by an air elemental for 1 turns
 70824 | Depths:2 | Identified the +0 robe of Responsibility {Slay+3}
 70846 | Depths:2 | Got the Secrets of the Sweltering Wind
 70892 | Depths:2 | Identified the ring of the Firefly {rF+ rN+}
 70992 | Depths:2 | Got the Secrets of Glaciation and Beguiling
 71038 | Depths:2 | Noticed a juggernaut
 71050 | Depths:2 | a juggernaut changed into a rockslime
 71091 | Depths:2 | Identified the ring "Oquithri" {rPois rC+ Str+6}
 71378 | Depths:3 | Found Rivomeun's Magic Scroll Shop.
 71382 | Depths:3 | Found Noew's Magic Scroll Boutique.
 71415 | Depths:3 | Reached skill level 20 in Summonings
 71427 | Depths:3 | Reached skill level 18 in Hexes
 71450 | Depths:3 | Noticed an ancient lich
 71479 | Depths:3 | Noticed a golden dragon
 71502 | Depths:3 | HP: 75/179 [vampire knight/+0 glaive (29)]
 71510 | Depths:3 | HP: 80/179 [golden dragon/bolt of fire (5)]
 71517 | Depths:3 | HP: 75/179 [golden dragon/bolt of cold (13)]
 71524 | Depths:3 | Killed a golden dragon
 71684 | Depths:3 | Noticed Vv
 71707 | Depths:3 | Killed an ancient lich
 71949 | Depths:3 | Found a one-way gate to the infinite horrors of the Abyss.
 72004 | Depths:3 | HP: 81/180 [Vv (30)]
 72008 | Depths:3 | Noticed a caustic shrike
 72578 | Depths:3 | Noticed a caustic shrike
 72578 | Depths:3 | Noticed a caustic shrike
 72578 | Depths:3 | Noticed a caustic shrike
 72578 | Depths:3 | Noticed a caustic shrike
 72579 | Depths:3 | HP: 87/177 [acid (7)]
 72586 | Depths:2 | HP: 73/177 [spriggan air mage/the air (8)]
 72799 | Depths:2 | Killed a caustic shrike
 73221 | Depths:3 | Noticed Boris
 73234 | Depths:3 | Killed Boris
 73235 | Depths:3 | Reached XP level 22. HP: 189/189 MP: 29/41
 73299 | Depths:3 | Killed a caustic shrike
 73305 | Depths:3 | HP: 93/188 [caustic shrike (22)]
 73309 | Depths:3 | Killed a caustic shrike
 73441 | Depths:3 | Reached skill level 16 in Fighting
 73584 | Depths:3 | Found a one-way gateway to a ziggurat.
 73618 | Depths:3 | Found a basalt altar of Yredelemnul.
 73817 | Depths:3 | Killed a caustic shrike
 74411 | Depths:4 | Entered Level 4 of the Depths
 74660 | Depths:4 | Found a radiant altar of Vehumet.
 74830 | Depths:4 | Found a white marble altar of Elyvilon.
 74830 | Depths:4 | Found a glowing silver altar of Zin.
 74830 | Depths:4 | Found a glowing golden altar of the Shining One.
 74967 | Depths:4 | Found Mogis's Weapon Emporium.
 75243 | Depths:4 | HP: 65/181 [shadow dragon/bolt of negative energy (40)]
 75640 | Depths:4 | Found a gate to the Realm of Zot.
 75659 | Depths:4 | HP: 67/152 [shadow dragon/bolt of negative energy (44)]
 75662 | Depths:4 | HP: 33/146 [shadow dragon/bolt of negative energy (22)]
 75825 | Depths:4 | HP: 62/146 [black draconian knight/shard of ice (25)]
 75832 | Depths:4 | HP: 30/140 [shadow dragon/bolt of negative energy (39)]
 76377 | Orc:1    | Bought the macabre finger necklace {rN+} for 680 gold
                  | pieces
 76377 | Orc:1    | Found the macabre finger necklace {rN+}
 76402 | Orc:1    | Learned a level 9 spell: Dragon's Call
 76614 | Crypt:1  | Entered Level 1 of the Crypt
 77487 | Crypt:1  | Reached skill level 17 in Fighting
 77487 | Crypt:1  | Reached skill level 21 in Summonings
 77979 | Crypt:1  | HP: 69/168 [jiangshi[a vampire mage] (18)]
 79860 | Crypt:3  | Entered Level 3 of the Crypt
 81287 | Crypt:3  | Identified the +3 great sword "Bonuroj" {holy, Will+}
 81318 | Crypt:3  | Reached skill level 18 in Fighting
 81638 | Crypt:3  | Reached XP level 23. HP: 140/203 MP: 1/42
 81876 | Crypt:3  | Found a staircase to the Tomb.
 82035 | Crypt:3  | Noticed an ancient lich
 82058 | Crypt:3  | Killed an ancient lich
 82309 | Crypt:3  | Found a shimmering altar of Xom.
 82543 | Crypt:3  | Found the +8 Vampire's Tooth {vamp}
 82832 | Vaults:3 | Bought a distressingly furry helmet for 437 gold pieces
 82832 | Vaults:3 | Identified the +0 helmet of Objectivity {rElec rCorr Int-3
                  | Dex+9} (You bought it in a shop on level 3 of the Vaults)
 82836 | Vaults:3 | Bought a scroll of blinking for 120 gold pieces
 82836 | Vaults:3 | Bought a scroll of magic mapping for 120 gold pieces
 82836 | Vaults:3 | Bought a scroll of enchant weapon for 120 gold pieces
 82851 | Vaults:3 | Bought a scroll of teleportation for 48 gold pieces
 82954 | Vaults:5 | Entered Level 5 of the Vaults
 82963 | Vaults:5 | HP: 94/205 [war gargoyle/+0 great mace (28)]
 82969 | Vaults:5 | HP: 95/205 [tengu reaver/+1 vorpal great mace (13)]
 82975 | Vaults:5 | HP: 90/205 [vault guard/+1 glaive (15)]
 83250 | Vaults:5 | HP: 91/203 [iron dragon/spray of metal splinters (36)]
 83261 | Vaults:5 | HP: 86/202 [vault guard/+0 dire flail (3)]
 83268 | Vaults:5 | Reached skill level 22 in Summonings
 83273 | Vaults:5 | HP: 80/205 [deep elf high priest/damnation (29)]
 83302 | Vaults:5 | HP: 93/202 [necromancer/bolt of negative energy (6)]
 83535 | Vaults:5 | Identified the +9 dagger of Action {vorpal, Int+4}
 84055 | Vaults:5 | HP: 94/205 [vault guard/+0 battleaxe (22)]
 84065 | Vaults:5 | HP: 83/205 [tengu reaver/bolt of fire (6)]
 84076 | Vaults:5 | HP: 80/205 [iron dragon/spray of metal splinters (33)]
 84091 | Vaults:5 | HP: 61/205 [titan/bolt of lightning (17)]
 84120 | Vaults:5 | HP: 78/205 [titan/bolt of lightning (6)]
 84129 | Vaults:5 | HP: 44/205 [phantasmal warrior (23)]
 84144 | Vaults:5 | HP: 64/205 [iron dragon/spray of metal splinters (16)]
 85423 | Vaults:5 | Reached skill level 23 in Summonings
 86198 | Vaults:5 | Identified the +4 hand axe "Vunurir" {venom, rF++ Will+++
                  | Int-2 Dex-2}
 86274 | Vaults:5 | Identified the +9 battleaxe of the Beast {drain, +Blink rC+
                  | Str-4 Dex+10}
 86532 | Vaults:5 | Identified the ring "Hesov" {Ice Int+3}
 87174 | Vaults:5 | Got a silver rune of Zot
 88858 | Spider:4 | Reached XP level 24. HP: 132/212 MP: 11/42
 89012 | Spider:4 | Got a gossamer rune of Zot
 89521 | Zot:1    | Entered Level 1 of the Realm of Zot
 89755 | Zot:1    | Reached skill level 24 in Summonings
 90810 | Zot:1    | You are sucked into a shaft and drop 1 floor!
 91768 | Zot:2    | Noticed an orb of fire
 91783 | Zot:2    | Gained mutation: You are dopey. (Int -2) [an orb of fire]
 91788 | Zot:2    | Gained mutation: You sometimes lose your temper in combat.
                  | [an orb of fire]
 91791 | Zot:2    | Killed an orb of fire
 91792 | Zot:2    | Lost mutation: Your body sometimes deteriorates upon taking
                  | damage. [potion of mutation]
 91792 | Zot:2    | Lost mutation: You are dopey. (Int -2) [potion of mutation]
 91792 | Zot:2    | Gained mutation: You expend magic power (3 MP) to
                  | strengthen your wands. [potion of mutation]
 91792 | Zot:2    | Lost mutation: You sometimes lose your temper in combat.
                  | [potion of mutation]
 94362 | Zot:3    | Reached skill level 25 in Summonings
 94521 | Zot:3    | Found the +4 dragonskin cloak
 94521 | Zot:3    | Noticed Tiamat
 94572 | Zot:3    | Killed Tiamat
 94595 | Zot:3    | HP: 95/212 [green draconian/+0 glaive[Tiamat] (14)]
 95058 | Zot:3    | Acquired 719 gold pieces
 96215 | Zot:5    | Entered Level 5 of the Realm of Zot
 96604 | Zot:5    | HP: 106/212 [red draconian/searing blast (5)]
 97096 | Zot:5    | Noticed a dread lich
 97273 | Zot:5    | Killed a dread lich
 97274 | Zot:5    | Reached skill level 26 in Summonings
 97462 | Zot:5    | Noticed an orb of fire
 97496 | Zot:5    | Reached XP level 25. HP: 194/219 MP: 22/42
 97581 | Zot:5    | Noticed a Killer Klown
 97587 | Zot:5    | Lost mutation: Your spells are a little harder to cast, but
                  | a little more powerful. [an orb of fire]
 97604 | Zot:5    | Killed an orb of fire
 97609 | Zot:5    | Killed a Killer Klown
 97610 | Zot:5    | Noticed an orb of fire
 97613 | Zot:5    | Noticed a Killer Klown
 97624 | Zot:5    | Killed an orb of fire
 97638 | Zot:5    | Noticed an orb of fire
 97896 | Zot:5    | Killed an orb of fire
 97904 | Zot:5    | Killed a Killer Klown
 98062 | Zot:5    | Noticed a Killer Klown
 98082 | Zot:5    | Noticed a Killer Klown
 98123 | Zot:5    | HP: 86/219 [Killer Klown/klown pie (50)]
 98128 | Zot:5    | Killed a Killer Klown
 98306 | Zot:5    | Noticed an ancient lich
 98350 | Zot:5    | Noticed a dread lich
 98357 | Zot:5    | Killed a dread lich
 98357 | Zot:5    | Noticed an orb of fire
 98365 | Zot:5    | Noticed an ancient lich
 98388 | Zot:5    | Noticed a Killer Klown
 98396 | Zot:5    | Noticed a dread lich
 98397 | Zot:5    | Killed a Killer Klown
 98412 | Zot:5    | Noticed a Killer Klown
 98468 | Zot:5    | Got the Orb of Zot
 98530 | Zot:4    | HP: 106/219 [Orb Guardian (19)]
 98576 | Zot:3    | Noticed Yphulu the pandemonium lord
 98618 | Zot:1    | Learned a level 6 spell: Dispersal
 98660 | Zot:1    | Reached skill level 27 in Summonings
 98755 | Depths:1 | Noticed Laapt the pandemonium lord
 98755 | Depths:1 | Noticed an ancient lich
 99185 | D:$      | Escaped with the Orb!

Illustrated notes

Levels and vault maps discovered:
D:1:      lightli_arrival_flooded_house, layout_loops_cross,
          dreamdust_ecumenical_altar_statues
D:2:      layout_rooms, minmay_vboxes
D:3:      layout_rooms, minmay_misc_feat_chi, uniq_robin, uniq_natasha
D:4:      layout_loops_cross, minmay_temple_entry_arrows
D:5:      layout_basic, serial_shops, shop_fountains
D:6:      layout_loops_cross, zin_angel, uniq_maggie
D:7:      layout_gridville, minivault_27, uniq_pikel
D:8:      layout_basic, nicolae_overflow_two_pavilions, nicolae_shop_vocational
D:9:      layout_rooms, glass_columns_b, chequers_mini_garden,
          nicolae_elemental_shop, kennysheep_generic_room_4
D:10:     layout_small_grid, nicolae_qazlal_general_emergency, fountainhead,
          grunt_decor_arrowhead, uniq_harold
D:11:     layout_basic, lair_entry_dummy, david_orc_5, uniq_josephine
D:12:     layout_cave_pods, serial_shops, shop,
          nicolae_shop_sticking_my_neck_out
D:13:     layout_stronghold
D:14:     nzn_winding_woodlands_three_and_one
          [nzn_winding_woodlands_5x15_sawtooth,
          nzn_winding_woodlands_5x15_default,
          nzn_winding_woodlands_5x15_lazy_stream,
          nzn_winding_woodlands_center_garden], layout_basic, erik_vaults_1,
          minmay_hedge_maze, nicolae_kikubaaqudgha_miasma_corner, uniq_agnes
D:15:     grunt_enter_depths_snipers, layout_basic, chequers_arboretum,
          grunt_ministairs_10, ebering_dispersal_statue_hall
Temple:   eino_narrow_crystal_temple
Lair:1:   layout_regular_city, serial_rivers, chequers_serial_rivers_small_a,
          chequers_serial_rivers_marsh, chequers_serial_rivers_micro_d,
          chequers_serial_rivers_micro_c, chequers_serial_rivers_small_3,
          chequers_serial_rivers_small_a, grunt_megastairs_5
Lair:2:   layout_small_grid, swamp_mist, minivault_11, st_stairs_3,
          nicolae_quartered_pool_impasse, roderic_carrion_pond,
          grunt_megastairs_2, infiniplex_staircase_pool
Lair:3:   layout_misc_corridors, spider_nest_entry_funnel_web, basic_altar,
          minivault_25, minivault_19, chequers_serial_rivers_room_a,
          dpeg_oklob_1
Lair:4:   layout_cave_shapes, minmay_slime_entry_oklob_enclosed,
          nicolae_lair_liquid_snakes
Lair:5:   minmay_lair_end_enchanted_forest, layout_hall_layers
Swamp:1:  layout_basic_swamp, evilmike_swamp_ruin_house_6, swamp_pool4,
          uniq_nikola
Swamp:2:  layout_basic_swamp, nicolae_swamp_oxbows, uniq_donald, uniq_jorgrun
Swamp:3:  layout_basic_swamp, gammafunk_ghost_cemetery,
          infiniplex_staircase_pool_2
Swamp:4:  grunt_swamp_rune_castle, layout_basic_swamp,
          nicolae_swamp_well_well_well, uniq_roxanne
Spider:1: cheibrodos_spider_deadly_dance, special_room [special_room_bee],
          uniq_azrael
Spider:2: layout_cave_pods, gammafunk_ghost_split
Spider:3: nicolae_spider_mines_2, nzn_ghost_randoct
Spider:4: floodkiller_spider_rune_tomb, nicolae_spider_bug_shape, uniq_louise,
          uniq_kirke, uniq_arachne
Orc:1:    layout_caves, serial_shops, shop, library_closet,
          hangedman_minor_magic
Orc:2:    st_orc_rangers, layout_caves, serial_shops, nicolae_shop_crystal
Elf:1:    layout_onion_city, minmay_elf_demonology
Elf:2:    elven_hall_of_blades_hangedman_alternative
          [nicolae_blade_entry_crossed_weapons], layout_geoelf_grid,
          small_chamber_with_monster
Elf:3:    minmay_elf_hall_quartered_circle, layout_geoelf_castle, serial_shops,
          nicolae_shop_behind_doors, columned_hall_lemuel,
          nicolae_elf_archery_training, uniq_asterion, uniq_zenata
Vaults:1: v_rooms_6, nicolae_vaults_inception_scallops,
          nicolae_vaults_specimen_jars, vaults_dpeg_ring, hangedman_vaults_trim,
          nicolae_vaults_network_s, vaults_room_pools,
          hangedman_vaults_stretched_pinwheel, v_pattern_3,
          nicolae_vaults_triangles, vaults_dpeg_cross,
          ontoclasm_vaults_ring_square, v_misc_29, grunt_vaults_focal,
          vaults_dpeg_encased_lava, v_alt_pattern_1, layout_vaults_omnibox,
          serial_hangedman_research, hangedman_research_quantum,
          hangedman_research_convocations
Vaults:2: vaults_room_stairs_pillars, vaults_room_ringed_pool,
          nicolae_vaults_diagonal_hallway_8, grunt_vaults_swirl,
          ontoclasm_vaults_chip, nicolae_vaults_yaktaur_gun_rack,
          nicolae_vaults_alarming, layout_vaults_big_room
Vaults:3: hangedman_vaults_nodes, hangedman_vaults_nails, vaults_room_corners,
          layout_vaults_omnigrid
Vaults:4: vaults_room_grid, v_misc_5, ontoclasm_vaults_gallery,
          hangedman_vaults_capsules, ontoclasm_vaults_decontamination,
          grunt_vaults_funnel, nicolae_vaults_little_squares_3,
          vaults_standard_mumra_lines, vaults_mumra_hex,
          nicolae_vaults_little_squares_1, vaults_room_pools,
          ontoclasm_vaults_idyll, dpeg_vaults_monster_box,
          layout_vaults_omnicross
Vaults:5
Crypt:1:  layout_gridlike
Crypt:2:  layout_gridlike, nicolae_crypt_statuary_hall
Crypt:3:  cryptofortress_bobbens
Depths:1: layout_long_grid, rand_demon_pan_entry_9, hell_entry,
          chequers_serial_rivers_large_a, serial_shops,
          nicolae_shop_statue_plus, nicolae_benzene_ring, tgw_lugonu_bribe
Depths:2: radiant_caverns_b_rkd, pan_entry, hell_entry, uniq_mara
Depths:3: minmay_glassy_protrusions, layout_gridlike, enter_ziggurat_b,
          grunt_pan_entry_sceptre, pf_coc_iceberg, abyss_entry,
          small_statue_intersection, yredelemnul_forgotten_temple_becter,
          infiniplex_staircase_zigzag_5, minmay_shoptagon,
          kennysheep_random_hallway, uniq_boris, uniq_vv
Depths:4: grunt_zot_entry_bicorn, layout_cave_pools,
          hangedman_tar_grid_catacomb, serial_shops, nicolae_shop_statue_plus,
          good_gods_mini_temple, dreamdust_wishing_well, vehumet_crystals
Zot:1:    layout_misc_corridors, skrybe_zot_glass_1, grunt_megastairs_4
Zot:2:    grunt_zot_stairs_overgrown, layout_misc_corridors
Zot:3:    lemuel_firehouse, layout_onion_interference, uniq_tiamat,
          uniq_josephina
Zot:4:    layout_twisted_circle
Zot:5:    layout_misc_corridors, st_stairs_2

Skill      XL: |  1  2  3  4  5  6  7  8  9 10 11 12 13 14 15 16 17 18 19 20 21 22 23 24 25 |
---------------+----------------------------------------------------------------------------+-----
Summonings     | 4 5 6 7 8 10 11 13 14 15 16 18 19 20 21 23 26 27 | 27.0
Fighting       | 2 3 4 6 7 9 10 11 12 14 15 18 | 18.4
Polearms       | 1 2 4 5 7 8 9 10 11 13 14 | 14.0
Spellcasting   | 4 6 7 9 10 11 13 14 15 | 15.0
Hexes          | 3 9 11 13 15 16 18 | 18.0
Shields        | 6 9 |  9.1
Translocations | 1 6 9 10 | 10.0
Evocations     | 6 |  6.5
Dodging        | |  1.5
Stealth        | |  1.2

Action                   |  1- 3 |  4- 6 |  7- 9 | 10-12 | 13-15 | 16-18 | 19-21 | 22-24 | 25-27 || total
-------------------------+-------+-------+-------+-------+-------+-------+-------+-------+-------++-------
Melee: Hand axe          |    62 |    56 |       |       |       |       |       |       |       ||   118
       Tailslap          |     4 |    17 |    24 |    45 |   169 |   163 |   282 |   222 |    10 ||   936
       Punch             |     1 |     1 |       |       |       |       |       |       |       ||     2
       Spear             |       |    64 |   173 |       |       |       |       |       |       ||   237
       Trident           |       |       |    26 |   374 |   960 |   416 |       |       |       ||  1776
       Demon trident     |       |       |       |       |       |   642 |  1516 |  1550 |    99 ||  3807
 Cast: Summon Small Mamm |    22 |    16 |     1 |       |       |       |       |       |       ||    39
       Call Imp          |       |     7 |    15 |    15 |     2 |     1 |       |       |       ||    40
       Call Canine Famil |       |    10 |    43 |    53 |    96 |    53 |       |       |       ||   255
       Summon Guardian G |       |       |    15 |    47 |    83 |    44 |    11 |     3 |       ||   203
       Summon Lightning  |       |       |       |    10 |    38 |     2 |       |       |       ||    50
       Summon Cactus Gia |       |       |       |    20 |   149 |   184 |    39 |     4 |       ||   396
       Summon Hydra      |       |       |       |       |     7 |   110 |   281 |   397 |     4 ||   799
       Enfeeble          |       |       |       |       |       |     1 |    18 |   204 |    12 ||   235
       Malign Gateway    |       |       |       |       |       |       |     5 |     3 |       ||     8
       Passage of Golubr |       |       |       |       |       |       |     1 |     5 |     1 ||     7
       Summon Mana Viper |       |       |       |       |       |       |     3 |    10 |     1 ||    14
       Dragon's Call     |       |       |       |       |       |       |       |       |     4 ||     4
Invok: Call Merchant     |       |       |       |       |       |     3 |       |     4 |       ||     7
       Potion Petition   |       |       |       |       |       |       |       |     4 |     3 ||     7
       Bribe Branch      |       |       |       |       |       |       |       |       |     2 ||     2
 Abil: Rolling Charge    |       |       |       |     1 |       |       |       |       |       ||     1
Evoke: Wand              |       |       |     1 |     1 |     3 |     9 |     2 |     1 |       ||    17
       Lightning rod     |       |       |       |       |       |     3 |       |       |       ||     3
       Phantom mirror    |       |       |       |       |       |     1 |       |       |       ||     1
       Phial of floods   |       |       |       |       |       |     1 |       |       |       ||     1
  Use: Potion            |       |       |     1 |     1 |     5 |    10 |       |    18 |    10 ||    45
       Scroll            |       |       |       |     8 |    11 |    27 |     8 |    23 |     1 ||    78
 Stab: Sleeping          |     1 |     1 |       |       |       |     1 |     1 |     1 |       ||     5
       Distracted        |       |     2 |     2 |     9 |    13 |    19 |    48 |    27 |     4 ||   124
       Betrayed ally     |       |       |       |       |     1 |       |       |       |       ||     1
       Invisible         |       |       |       |       |       |       |     8 |   100 |     2 ||   110
       Held in net/web   |       |       |       |       |       |       |       |     1 |       ||     1
Armor: Robe              |    26 |    48 |    26 |       |       |       |       |       |       ||   100
       Steam dragon scal |       |       |    29 |       |       |       |       |       |       ||    29
       Swamp dragon scal |       |       |     9 |    27 |   402 |   227 |       |       |       ||   665
       Ring mail         |       |       |       |    52 |       |   294 |   383 |   364 |    24 ||  1117
       Troll leather arm |       |       |       |       |       |    72 |       |       |       ||    72
Dodge: Dodged            |    40 |    47 |    73 |    98 |   406 |   337 |   166 |   199 |    16 ||  1382
Block: Kite shield       |       |       |       |       |       |    26 |       |       |       ||    26
       Reflection        |       |       |       |       |       |    13 |    38 |       |       ||    51
       Buckler           |       |       |       |       |       |    61 |   422 |   265 |    14 ||   762
